 Dungeon Crawl Stone Soup version 0.23-a0-97-g66d73a1 (webtiles) character file.

727308 00Nightcrawler the Slayer (level 27, -1/237 (240) HPs)
             Began as a Formicid Chaos Knight on Aug 17, 2018.
             Killed from afar by a Hell Sentinel (34 damage)
             ... with an iron shot
             ... in Pandemonium on Aug 18, 2018.
             The game lasted 03:46:21 (60284 turns).

00Nightcrawler the Slayer (Formicid Chaos Knight)  Turns: 60284, Time: 03:46:21

HP:   -1/237 (240)  AC: 34    Str: 34    XL:     27
MP:   0/29          EV: 31    Int: 28    God:    Xom [......]
Gold: 7449          SH: 33    Dex: 28    Spells: 25/26 levels left

rFire    + + +     SeeInvis +   e - +9 triple sword (freeze)
rCold    + + +     Gourm    .   d - +0 large shield "Jenuoreu" {Int+9 Dex+6 SInv Stlth-}
rNeg     + + +     Faith    .   J - +0 storm dragon scales
rPois    +         Spirit   +   (helmet unavailable)
rElec    +         Reflect  +   y - scarf {Spirit}
rCorr    .         Harm     .   O - +2 pair of gloves {Str+3}
MR       +++++     Clarity  +   (boots unavailable)
Stlth    +.........             W - amulet of the Komtur {Reflect rC+ Dex+2 SH+6 SInv}
HPRegen  1.29/turn              u - ring "Usopn" {*Slow +Fly rF+ rN++}
MPRegen  0.21/turn              Z - ring of Suicidal Tendencies {+Fly rN+ Dex+6 Slay+3}

@: no status effects
A: permanent stasis, dig shafts and tunnels, four strong arms, antennae 3, beak,
hooves 3, icy blue scales 1, slimy green scales 1, yellow scales 1, camouflage
3, agile 2, clarity, clever 2, cold resistance 1, fire resistance 2, high mp 1,
magic resistance 3, sense surroundings 3, poison resistance, regeneration 2,
screaming 1, shaggy fur 3, strong 2, wild magic 3, evolution 2, MP-powered wands
}: 5/15 runes: decaying, serpentine, slimy, silver, abyssal
a: Dig, Shaft Self, Renounce Religion, Evoke Flight


You were in Pandemonium.
You worshipped Xom.
You were a very special plaything of Xom.
You were not hungry.

You visited 12 branches of the dungeon, and saw 57 of its levels.
You visited Pandemonium 1 time, and saw 6 of its levels.
You visited the Abyss 1 time.
You also visited: Labyrinth, Trove, Ossuary, Ice Cave and Volcano.

You collected 8177 gold pieces.
You spent 728 gold pieces at shops.

Inventory:

Hand Weapons
 e - a +9 triple sword of freezing (weapon)
 t - the +10 demon blade of Reinforcement {chaos, -Tele rC+++ Int+3}
   (You subdued it on level 4 of the Lair of Beasts)

   Each time it hits an enemy it has a different, random effect.
   It affects your intelligence (+3).
   It renders you almost immune to cold.
   It prevents most forms of teleportation.
 M - the +6 demon blade of Zyaleoga {flame, +Blink Str+4 Int+2}
   (You found it on level 1 of the Depths)

   It has been specially enchanted to burn those struck by it, causing extra
   injury to most foes and up to half again as much damage against particularly
   susceptible opponents.
   Big, fiery blades are also staple armaments of hydra-hunters.
   It affects your strength (+4).
   It affects your intelligence (+2).
   It lets you blink.
 N - a +0 blowgun
Missiles
 k - 6 javelins of penetration
 z - 49 tomahawks (quivered)
 G - 13 curare-tipped needles
 T - 15 javelins
Armour
 d - the +0 large shield "Jenuoreu" (worn) {Int+9 Dex+6 SInv Stlth-}
   (You acquired it on level 2 of the Realm of Zot)

   It affects your intelligence (+9).
   It affects your dexterity (+6).
   It lets you see invisible.
   It makes you less stealthy.
 y - a scarf of spirit shield (worn)
 J - +0 storm dragon scales (worn)
 O - a +2 pair of gloves of strength (worn)
Jewellery
 u - the ring "Usopn" (left hand) {*Slow +Fly rF+ rN++}
   (You found it on level 2 of the Swamp)

   [ring of protection from fire]

   It protects you from fire.
   It greatly protects you from negative energy.
   It lets you fly.
   It may slow you when you take damage.
 W - the amulet of the Komtur (around neck) {Reflect rC+ Dex+2 SH+6 SInv}
   (You found it on level 5 of the Pits of Slime)

   [amulet of reflection]

   It shields you and reflects attacks.
   It affects your dexterity (+2).
   It protects you from cold.
   It lets you see invisible.
   It affects your SH (+6).
 Z - the ring of Suicidal Tendencies (right hand) {+Fly rN+ Dex+6 Slay+3}
   (You found it on level 3 of the Crypt)

   [ring of positive energy]

   It affects your dexterity (+6).
   It affects your accuracy and damage with ranged weapons and melee attacks
   (+3).
   It protects you from negative energy.
   It lets you fly.
Wands
 i - a wand of clouds (11)
 j - a wand of iceblast (50)
 m - a wand of scattershot (4)
 B - a wand of acid (43)
 V - a wand of digging (21)
Scrolls
 b - 10 scrolls of enchant armour
 f - 13 scrolls of magic mapping
 h - 7 scrolls of enchant weapon
 o - 43 scrolls of identify
 p - 6 scrolls of fear
 q - a scroll of holy word
 r - 18 scrolls of remove curse
 x - 2 scrolls of silence
 L - 8 scrolls of fog
 X - 3 scrolls of brand weapon
Potions
 a - a potion of resistance
 n - 13 potions of flight
 s - 8 potions of agility
 v - 3 potions of invisibility
 w - 22 potions of curing
 A - a potion of might
 F - 5 potions of ambrosia
 I - 13 potions of heal wounds
 Y - 3 potions of cancellation
Comestibles
 c - 102 rations


   Skills:
 + Level 24.4 Fighting
 * Level 22.4 Long Blades
 * Level 14.2 Throwing
 + Level 24.3 Armour
 + Level 21.1 Dodging
 - Level 21.0 Shields
 - Level 5.0 Evocations


You had 25 spell levels left.
You knew the following spells:

 Your Spells              Type           Power        Failure   Level  Hunger
a - Apportation           Tloc           #.....       47%         1    ##.....

Your spell library contained the following spells:

 Spells                   Type           Power        Failure   Level  Hunger
 Cause Fear               Hex            #.........   98%         4    #####..
 Magic Dart               Conj           #...         47%         1    ##.....
 Fireball                 Conj/Fire      #.........   100%        5    ######.
 Conjure Flame            Conj/Fire      #.......     80%         3    ####...
 Bolt of Fire             Conj/Fire      #.........   100%        6    #######
 Lightning Bolt           Conj/Air       #.........   100%        5    ######.
 Bolt of Magma            Conj/Fire/Erth #.........   100%        5    ######.
 Invisibility             Hex            #.......     100%        6    #######
 Throw Flame              Conj/Fire      #.....       61%         2    ###....
 Throw Frost              Conj/Ice       #.....       61%         2    ###....
 Controlled Blink         Tloc           N/A          100%        8    #######
 Freezing Cloud           Conj/Ice/Air   #.........   100%        6    #######
 Mephitic Cloud           Conj/Pois/Air  #.......     80%         3    ####...
 Ring of Flames           Chrm/Fire      #.........   100%        7    #######
 Venom Bolt               Conj/Pois      #.........   100%        5    ######.
 Olgreb's Toxic Radiance  Pois           #.......     98%         4    #####..
 Summon Small Mammal      Summ           #...         47%         1    ##.....
 Bolt of Draining         Conj/Necr      #.........   100%        5    ######.
 Iskenderun's Mystic Bla  Conj           #.......     98%         4    #####..
 Summon Horrible Things   Summ           #.........   100%        8    #######
 Animate Dead             Necr           N/A          98%         4    #####..
 Animate Skeleton         Necr           N/A          47%         1    ##.....
 Vampiric Draining        Necr           #.........   80%         3    ####...
 Borgnjor's Revivificati  Necr           #.........   100%        8    #######
 Freeze                   Ice            #...         47%         1    ##.....
 Sticky Flame             Conj/Fire      #.......     98%         4    #####..
 Summon Ice Beast         Ice/Summ       #.......     98%         4    #####..
 Ozocubu's Armour         Chrm/Ice       #.......     80%         3    ####...
 Call Imp                 Summ           #.......     61%         2    ###....
 Dispel Undead            Necr           #.......     100%        5    ######.
 Regeneration             Chrm/Necr      #.........   80%         3    ####...
 Sting                    Conj/Pois      #...         47%         1    ##.....
 Sublimation of Blood     Necr           #.........   61%         2    ###....
 Tukima's Dance           Hex            #.......     80%         3    ####...
 Summon Greater Demon     Summ           #.........   100%        7    #######
 Iron Shot                Conj/Erth      #.........   100%        6    #######
 Shock                    Conj/Air       #...         47%         1    ##.....
 Swiftness                Chrm/Air       #.......     61%         2    ###....
 Agony                    Necr           #.......     100%        5    ######.
 Spider Form              Tmut/Pois      #.........   80%         3    ####...
 Blade Hands              Tmut           #.........   100%        5    ######.
 Statue Form              Tmut/Erth      #........    100%        6    #######
 Ice Form                 Ice/Tmut       #.......     98%         4    #####..
 Dragon Form              Tmut           #.........   100%        7    #######
 Deflect Missiles         Chrm/Air       #.........   100%        6    #######
 Throw Icicle             Conj/Ice       #.......     98%         4    #####..
 Airstrike                Air            #.........   98%         4    #####..
 Confusing Touch          Hex            #.....       47%         1    ##.....
 Flame Tongue             Conj/Fire      #....        47%         1    ##.....
 Passwall                 Tmut/Erth      #.......     61%         2    ###....
 Ignite Poison            Fire/Tmut/Pois #.......     80%         3    ####...
 Sticks to Snakes         Tmut           #.......     61%         2    ###....
 Call Canine Familiar     Summ           #.......     80%         3    ####...
 Summon Butterflies       Summ           #.......     47%         1    ##.....
 Silence                  Hex/Air        #.........   100%        5    ######.
 Shatter                  Erth           #.........   100%        9    #######
 Dispersal                Tloc           #.........   100%        6    #######
 Static Discharge         Conj/Air       #.......     80%         3    ####...
 Alistair's Intoxication  Tmut/Pois      #.......     100%        5    ######.
 Sandblast                Erth           #.....       47%         1    ##.....
 Simulacrum               Ice/Necr       #.........   100%        6    #######
 Excruciating Wounds      Chrm/Necr      #.........   100%        5    ######.
 Portal Projectile        Hex/Tloc       #.....       80%         3    ####...
 Monstrous Menagerie      Summ           #.........   100%        7    #######
 Petrify                  Tmut/Erth      #.......     98%         4    #####..
 Orb of Destruction       Conj           #.........   100%        7    #######
 Malign Gateway           Summ/Tloc      #.........   100%        7    #######
 Tornado                  Air            #.........   100%        9    #######
 Leda's Liquefaction      Hex/Erth       #.........   98%         4    #####..
 Summon Hydra             Summ           #.........   100%        7    #######
 Shroud of Golubria       Chrm/Tloc      #.........   61%         2    ###....
 Inner Flame              Hex/Fire       #.......     80%         3    ####...
 Beastly Appendage        Tmut           #.....       47%         1    ##.....
 Disjunction              Tloc           #.........   100%        8    #######
 Iskenderun's Battlesphe  Conj/Chrm      #.......     100%        5    ######.
 Fulminant Prism          Conj/Hex       #.........   98%         4    #####..
 Dazzling Spray           Conj/Hex       #.....       80%         3    ####...
 Force Lance              Conj/Tloc      #.......     98%         4    #####..
 Infusion                 Chrm           #...         47%         1    ##.....
 Song of Slaying          Chrm           #.......     61%         2    ###....
 Spectral Weapon          Hex/Chrm       #.......     80%         3    ####...
 Searing Ray              Conj           #.....       61%         2    ###....
 Discord                  Hex            #.........   100%        8    #######
 Summon Forest            Summ/Tloc      #.........   100%        5    ######.
 Summon Lightning Spire   Summ/Air       #.......     98%         4    #####..
 Summon Guardian Golem    Hex/Summ       #.......     80%         3    ####...
 Dragon's Call            Summ           #.........   100%        9    #######
 Spellforged Servitor     Conj/Summ      #.........   100%        7    #######
 Summon Mana Viper        Hex/Summ       #.......     100%        5    ######.
 Hydra Form               Tmut           #.........   100%        6    #######
 Irradiate                Conj/Tmut      #.........   100%        5    ######.
 Gell's Gravitas          Tloc           #.........   80%         3    ####...
 Yara's Violent Unravell  Hex/Tmut       #.........   100%        5    ######.
 Lesser Beckoning         Tloc           #.........   80%         3    ####...
 Poisonous Vapours        Pois/Air       #.....       61%         2    ###....
 Ignition                 Fire           #.........   100%        8    #######
 Borgnjor's Vile Clutch   Necr/Erth      #.........   100%        5    ######.


Dungeon Overview and Level Annotations

Branches:
Dungeon (15/15)            Temple (0/1) D:4            Lair (6/6) D:11
  Swamp (4/4) Lair:2        Snake (4/4) Lair:3        Slime (5/5) Lair:6
    Orc (2/2) D:9             Elf (3/3) Orc:2        Vaults (5/5) D:14
  Crypt (3/3) Vaults:3       Tomb (0/3) Crypt:3      Depths (5/5) D:15
   Hell (1/1)                 Dis (0/7) Hell            Geh (0/7) Hell
    Coc (0/7) Hell            Tar (0/7) Hell            Zot (4/5) Depths:5

Altars:
Ashenzari
Gozag
Kikubaaqudgha
Nemelex Xobeh
Ru
Sif Muna
Vehumet
Xom
Zin
Beogh
Jiyva
Lugonu

Shops:
D:6 *   Orc:1 *   Orc:2 :?:(   Elf:2 [   Elf:3 ?   Snake:1 }   Vaults:2 :
Depths:2 }   Depths:5 ?

Portals:
Hell: Depths:1 Depths:2 Depths:3 Depths:4 Depths:5
Abyss: Depths:1 Depths:4
Pandemonium: Depths:2 Depths:3 Depths:4
Ziggurat: Depths:2


Innate Abilities, Weirdness & Mutations

You cannot be hasted, slowed, berserked, paralysed or teleported.
You can dig through walls and to a lower floor.
Your four strong arms can wield two-handed weapons with a shield.
You have a pair of large antennae on your head. (SInv)
You have a beak for a mouth.
You have hooves in place of feet.
You are partially covered in icy blue scales. (AC +2)
You are partially covered in slimy green scales. (AC +2)
You are partially covered in yellow scales. (AC +2)
Your skin perfectly mimics your surroundings (Stealth+++).
You are very agile. (Dex +4)
You possess an exceptional clarity of mind.
Your mind is very acute. (Int +4)
Your flesh is cold resistant. (rC+)
Your flesh is very heat resistant. (rF++)
You have an increased reservoir of magic. (+10% MP)
You are extremely resistant to the effects of hostile enchantments. (MR+++)
You passively map a large area around you.
Your system is resistant to poisons. (rPois)
You heal very quickly.
You occasionally shout uncontrollably at your foes.
Your thick and shaggy fur keeps you warm. (AC +3, rC+)
Your muscles are very strong. (Str +4)
Your spells are much harder to cast, but much more powerful.
You rapidly evolve.
You expend magic power (3 MP) to strengthen your wands.


Message History

The smoke demon gestures at you. Something smites you!
* * * LOW HITPOINT WARNING * * *
The Hell Sentinel gestures at you.
The sphere of damnation explodes!
The damnation engulfs you!
* * * LOW HITPOINT WARNING * * *
You hear a shout! x2; You hear a roar!
As you read the scroll of fear, it crumbles to dust.
You assume a fearsome visage.
The Hell Sentinel is unaffected.
The smoke demon is unaffected.
The hellephant is unaffected.
The blizzard demon is unaffected.
The hellephant blinks!
The smoke demon gestures at you. Something smites you!
* * * LOW HITPOINT WARNING * * *
Xom thinks this is hilarious!
The Hell Sentinel gestures at you. The iron shot hits you!
You die...
Xom howls with laughter!

, , ,,,, , , , , * *
............# * ,
#............#
#............# ,
#............# , * *
#............# , ,,
,,,.......∩.....####* * , ,
, , ..........$......., ,,,
* *#..._...@._........ ,, ,
#...31.............#* *
#..................# ,
#............_._...#
#.............._...# *
#........2..1.._...##### *
#..._...................
,,.......Y..._..........1.,
, ,
........................


You could see a hellephant, a Hell Sentinel, a Tzitzimitl, a blizzard demon and
a smoke demon.

Vanquished Creatures
  the Royal Jelly (Slime:5)
  An orb of fire (Zot:3)
  Mennas (Depths:3)
  3 juggernauts
  4 ancient liches
  Sojobo (Vaults:4)
  Boris (Depths:3)
  The ghost of Bailed the Peltast, a veteran MiMo of Qazlal (Vaults:2)
  The ghost of Alunk the Bludgeoner, a legendary GnFi of Cheibriados (Zot:2)
  A Killer Klown (Zot:2)
  2 curse toes
  Geryon (Hell)
  5 bone dragons
  Nikola (Elf:3)
  Jory (Vaults:2)
  3 golden dragons
  6 liches
  A doom hound (Zot:1)
  An electric golem (Zot:2)
  2 Brimstone Fiends (Pan)
  A hellephant (Depths:2)
  12 tentacled monstrosities
  An iron giant (Vaults:5)
  Rupert (Orc:2)
  4 quicksilver dragons
  7 titans
  3 deep elf blademasters
  2 deep elf master archers (Elf:3)
  4 tentacled starspawn
  An ancient champion (Crypt:2)
  12 acid blobs
  2 death cobs
  A pandemonium lord (Pan)
  An Executioner (Pan)
  3 thorn hunters
  2 draconian monks
  9 shadow dragons
  Roxanne (D:14)
  7 storm dragons
  6 azure jellies
  11 tengu reavers
  5 nagarajas
  4 frost giants
  10 fire giants
  A daeva (Abyss:4)
  A frost giant (shapeshifter) (Depths:3)
  4 ghost moths
  A juggernaut zombie (Crypt:1)
  Louise (Swamp:1)
  2 orc warlords (Orc:2)
  2 iron dragons
  An azure jelly (shapeshifter) (Abyss:4)
  2 draconian knights
  6 deep elf sorcerers
  5 draconian shifters
  A balrug (Abyss:3)
  17 vault wardens
  2 curse skulls (Crypt:3)
  An emperor scorpion (Lair:6)
  34 very ugly things
  6 deep elf elementalists
  4 draconian stormcallers
  2 ghouls
  2 war gargoyles
  12 reapers
  3 spriggan defenders
  13 ironheart preservers
  An entropy weaver (Depths:5)
  18 stone giants
  2 draconian annihilators (Zot:3)
  Nessos (D:14)
  13 dire elephants
  A minotaur (Lab)
  6 deep elf demonologists
  A dire elephant (shapeshifter) (Depths:3)
  9 white draconians
  Azrael (D:15)
  5 yellow draconians
  A lorocyproca (Depths:3)
  9 deep elf annihilators
  5 purple draconians
  4 black draconians
  7 red draconians
  The ghost of ArcanElement the Eclecticist, a journeyman DEWz of Sif Muna (Lair:3)
  The ghost of CanOfBees the Destroyer, a journeyman TeAE of Vehumet (Lair:4)
  The ghost of Dmuffinman the Fencer, a journeyman MiBe of Trog (Orc:2)
  7 eidola
  11 ettins
  Snorg (D:14)
  13 deep elf death magi
  2 green deaths (Abyss:3)
  4 jiangshi (Crypt:2)
  11 great orbs of eyes
  3 death oozes (Slime:5)
  2 crystal guardians (Abyss:4)
  A mummy priest (Crypt:3)
  5 deep elf high priests
  18 yaktaur captains
  2 rakshasas
  9 fire dragons
  8 blizzard demons
  A quicksilver dragon skeleton (Crypt:3)
  3 ghost crabs
  Harold (Lair:2)
  2 monstrous demonspawn
  An ice dragon (shapeshifter) (Abyss:4)
  21 hydras
  27 vault guards
  2 juggernaut simulacra (Pan)
  Erica (D:8)
  17 anacondas
  A spriggan air mage (Depths:4)
  A hell beast (Depths:5)
  4 death knights
  15 centaur warriors
  11 naga warriors
  6 ice dragons
  16 alligators
  2 catoblepae
  19 ogre magi
  2 alligators (shapeshifter)
  A satyr (shapeshifter) (Vaults:2)
  An anaconda (shapeshifter) (Depths:3)
  7 deep troll shamans
  28 dancing weapons
  4 tengu warriors
  5 vampire magi
  42 two-headed ogres
  9 deep troll earth magi
  A queen ant (shapeshifter) (Vaults:4)
  16 naga sharpshooters
  6 spriggan berserkers
  2 storm dragon zombies (Crypt:3)
  An orc high priest (Orc:1)
  8 shock serpents
  9 thrashing horrors
  5 sun demons
  A titan zombie (Hell)
  12 soul eaters
  26 deep elf knights
  5 hell knights
  An iron golem (Hell)
  4 wretched stars
  2 sixfirhies
  8 salamander mystics
  5 shadow wraiths
  3 titan skeletons
  6 skeletal warriors
  24 deep trolls
  2 fire crabs (shapeshifter)
  3 sea snakes
  3 iron trolls (Depths:1)
  3 spatial maelstroms
  The ghost of sangerfol the Blocker, a novice FoFi of Zin (D:8)
  3 golden dragon zombies
  10 unseen horrors
  An entropy weaver zombie (Crypt:2)
  2 spriggan druids (Swamp:4)
  3 anaconda zombies (Hell)
  A gelid demonspawn (Pan)
  A shadow demon (Abyss:4)
  A lindwurm (shapeshifter) (Elf:3)
  9 naga ritualists
  5 glowing orange brains
  3 wizards
  3 flayed ghosts
  12 deep elf archers
  3 lindwurms (Snake:4)
  8 orc knights
  10 swamp dragons
  3 anaconda skeletons
  22 necromancers
  13 phantasmal warriors
  3 shambling mangroves
  16 ironbrand convokers
  6 harpies
  3 oklob plants
  4 wolf spider zombies
  2 shadow dragon skeletons (Crypt:3)
  42 ugly things
  A wolf spider (shapeshifter) (Depths:3)
  A tengu zombie (Vaults:5)
  12 orc sorcerers
  18 mana vipers
  A faun (D:9)
  A mana viper (shapeshifter) (Vaults:3)
  A cyclops (shapeshifter) (Vaults:5)
  7 cyclopes
  3 stone giant zombies
  75 deep elf magi
  4 manticores
  3 wolf spiders
  A sphinx skeleton (Vaults:3)
  2 fire giant zombies
  A frost giant zombie (D:15)
  21 salamanders
  An elephant (shapeshifter) (Vaults:3)
  3 apocalypse crabs (Abyss:4)
  A frost giant skeleton (Vaults:5)
  8 shining eyes
  A worldbinder (Abyss:3)
  8 elephants
  4 stone giant skeletons
  A black mamba (shapeshifter) (Depths:3)
  19 moths of wrath
  A water nymph (Vaults:1)
  A torpor snail (Lair:3)
  5 rust devils
  3 fire giant skeletons
  14 vault sentinels
  34 black mambas
  2 guardian serpents (shapeshifter) (Abyss:4)
  5 ice statues
  27 spiny frogs
  31 naga magi
  8 guardian serpents
  4 orange demons
  A gargoyle (D:14)
  A titan simulacrum (Hell)
  A shock serpent skeleton (Crypt:3)
  2 hellions (Abyss:2)
  A dire elephant skeleton (Hell)
  A smoke demon (Abyss:3)
  2 eyes of devastation (Elf:2)
  An efreet (Abyss:4)
  An iron troll zombie (Crypt:2)
  A storm dragon simulacrum (Hell)
  A swamp worm zombie (Crypt:1)
  An emperor scorpion zombie (Crypt:3)
  15 freezing wraiths
  3 rime drakes
  7 komodo dragons
  A demonic crawler (Hell)
  17 hellwings
  2 yaktaur zombies
  4 tengu conjurers
  A black draconian skeleton (Crypt:2)
  A kobold demonologist (D:14)
  A yaktaur skeleton (Vaults:3)
  56 yaktaurs
  6 ancient zymes
  15 ice devils
  A komodo dragon (shapeshifter) (Depths:5)
  2 guardian mummies (Crypt:3)
  4 trolls
  2 hydra zombies
  3 jumping spiders (Crypt:3)
  A merfolk (Snake:4)
  7 polar bears
  5 red devils
  21 small abominations
  21 large abominations
  2 polar bears (shapeshifter)
  A harpy zombie (Crypt:3)
  5 bog bodies
  2 hydra skeletons
  24 hornets
  5 raiju
  12 tyrant leeches
  57 slime creatures
  A fire giant simulacrum (Hell)
  A frost giant simulacrum (Hell)
  4 dream sheep (Lair:3)
  An ice dragon zombie (D:15)
  3 alligator zombies
  20 blink frogs
  A hippogriff (shapeshifter) (Snake:3)
  2 fire dragon zombies (Crypt:3)
  4 hippogriffs
  5 flying skulls (Crypt:1)
  A centaur simulacrum (D:14)
  4 air elementals
  An ice dragon skeleton (Hell)
  75 starcursed masses
  2 ettin zombies
  2 alligator skeletons
  An ettin skeleton (Crypt:3)
  12 spriggans
  A fire dragon skeleton (Crypt:1)
  A vampire (Swamp:1)
  A redback (shapeshifter) (D:15)
  A shadow (D:14)
  6 ynoxinuls
  5 redbacks
  11 water elementals
  An ushabti (Crypt:3)
  5 fire bats
  A satyr skeleton (Crypt:2)
  17 wraiths
  3 wyverns
  66 yaks
  2 basilisks (shapeshifter)
  3 neqoxecs
  4 chaos spawn
  3 steam dragons
  17 golden eyes
  9 fire elementals
  2 hungry ghosts
  18 vampire mosquitoes
  5 wargs
  4 spatial vortices (Abyss:2)
  9 water moccasins
  2 acid dragons
  46 nagas
  A soldier ant (D:13)
  17 swamp worms
  2 tengu skeletons
  A floating eye (shapeshifter) (Abyss:4)
  13 hell hounds
  A porcupine (shapeshifter) (Depths:3)
  11 porcupines
  A faun skeleton (Crypt:1)
  A spiny frog zombie (Hell)
  A floating eye (Depths:3)
  14 swamp drakes
  37 orc warriors
  A spiny frog skeleton (Hell)
  An alligator simulacrum (Hell)
  A black bear (shapeshifter) (Vaults:3)
  4 phantoms
  3 sky beasts
  A snapping turtle zombie (Hell)
  An ettin simulacrum (Hell)
  A black bear (D:12)
  4 eyes of draining
  A hog zombie (Crypt:2)
  5 ice beasts
  A manticore zombie (Crypt:3)
  9 necrophages
  5 wolves (Lair:6)
  2 boggarts
  42 ogres
  A manticore skeleton (Hell)
  21 centaurs
  12 crocodiles
  A big kobold (shapeshifter) (Vaults:4)
  4 big kobolds
  A komodo dragon zombie (Crypt:1)
  A bullfrog (shapeshifter) (D:6)
  9 bullfrogs
  5 earth elementals
  6 wyvern skeletons
  4 human simulacra
  9 scorpions
  4 killer bees (D:10)
  12 wights
  A polar bear skeleton (Crypt:1)
  2 howler monkeys
  2 electric eels (D:10)
  15 crimson imps
  5 human zombies
  A yaktaur simulacrum (Vaults:1)
  4 centaur zombies
  A wolf skeleton (Crypt:2)
  2 quasits
  A bullfrog zombie (D:4)
  6 hounds
  6 jellies
  A bullfrog skeleton (D:8)
  19 orc priests
  2 iron imps
  37 orc wizards
  2 centaur skeletons
  Terence (D:2)
  3 hell rats (Lair:5)
  4 iguanas
  A human skeleton (Hell)
  13 worker ants
  2 big kobold zombies (Ossuary)
  A naga zombie (Crypt:3)
  A hound zombie (Crypt:1)
  A hound skeleton (D:8)
  3 mummies (Ossuary)
  Robin (D:2)
  2 howler monkey zombies
  12 adders
  3 scorpion zombies (Ossuary)
  An adder (shapeshifter) (D:6)
  4 gnolls
  4 river rats (Lair:5)
  3 shadow imps
  7 white imps
  17 ufetubi
  9 oozes
  A worm zombie (Crypt:2)
  An adder skeleton (D:8)
  An adder zombie (D:5)
  6 worms
  A barachi zombie (Crypt:2)
  3 dart slugs (D:2)
  3 leopard geckos
  98 orcs
  A ball python (D:2)
  6 giant cockroaches
  A gnoll zombie (Ossuary)
  17 goblins
  9 hobgoblins
  14 jackals
  25 kobolds
  6 quokkas
  A bat (shapeshifter) (D:2)
  9 bats
  12 frilled lizards
  2 goblin zombies (Ossuary)
  2 hobgoblin zombies (Ossuary)
  2 kobold zombies
  A leopard gecko zombie (Crypt:2)
  3 orc zombies
  16 rats
  4 crawling corpses (Elf:3)
  3 fungi
  7 starspawn tentacles
  4 withered plants (Crypt:3)
2816 creatures vanquished.

Vanquished Creatures (collateral kills)
  A thorn hunter (Swamp:3)
  A tengu reaver (Vaults:5)
  An azure jelly (Snake:4)
  A deep elf elementalist (Elf:3)
  A dire elephant (Depths:2)
  A deep elf high priest (Elf:3)
  A rakshasa (Depths:2)
  A yaktaur captain (Vaults:5)
  A tengu warrior (Depths:2)
  A two-headed ogre (Vaults:3)
  A deep troll earth mage (Vaults:3)
  A naga ritualist (Snake:1)
  An orc sorcerer (Orc:2)
  3 deep elf magi (Elf:2)
  An elephant (Elf:2)
  A naga mage (Snake:4)
  A guardian serpent (Snake:4)
  2 yaktaurs
  A hydra zombie (Hell)
  A tyrant leech (Swamp:2)
  An elf skeleton (D:15)
  Grinder (D:6)
  A hydra skeleton (Hell)
  An ice dragon zombie (Hell)
  A shadow (Swamp:2)
  A wyvern (Lair:6)
  2 yaks
  A swamp worm (Swamp:2)
  3 orc warriors
  A boggart (Elf:1)
  4 ogres
  A howler monkey (D:6)
  A crimson imp (D:6)
  2 orc priests (D:11)
  2 orc wizards
  An adder (D:6)
  A white imp (Hell)
  An orc (D:8)
  2 kobolds (D:11)
  A fungus (Swamp:3)
52 creatures vanquished.

Vanquished Creatures (others)
  An acid blob (Slime:5)
  A thorn hunter (Swamp:3)
  A revenant (Crypt:1)
  A reaper (IceCv)
  An ettin (Vaults:4)
  A death ooze (Slime:5)
  A yaktaur captain (Depths:5)
  A blizzard demon (Pan)
  A naga warrior (Snake:3)
  6 dancing weapons
  A centaur warrior (Depths:2)
  An alligator (Swamp:2)
  A spriggan berserker (Depths:3)
  A naga sharpshooter (Snake:1)
  2 spriggans (Swamp:2)
  A deep elf knight (Elf:2)
  2 swamp dragons (Swamp:4)
  A shadow demon (Pan)
  2 deep elf archers
  An ugly thing (Abyss:3)
  A worldbinder (Abyss:3)
  A black mamba (Snake:4)
  A spiny frog (Lair:5)
  19 yaktaurs
  An ancient zyme (Abyss:3)
  A hornet (Swamp:2)
  A tyrant leech (Swamp:2)
  A water elemental (Depths:1)
  A golden eye (Slime:1)
  A swamp worm (Swamp:4)
  An orc warrior (Orc:2)
  2 ogres
  A big kobold (D:11)
  3 small abominations
  A scorpion (Ossuary)
  An orc priest (Vaults:5)
  3 orc wizards (Orc:2)
  4 white imps (IceCv)
  4 ufetubi (IceCv)
  5 orcs
  A gnoll zombie (Ossuary)
  2 hobgoblins (D:3)
  A goblin zombie (Ossuary)
  A rat (D:2)
  4 blocks of ice (Pan)
  A briar patch (Swamp:3)
  A fire vortex (Elf:3)
  62 fungi
  2 lurking horrors (Abyss:4)
  38 plants
  10 starspawn tentacles
  11 withered plants (Crypt:3)
215 creatures vanquished.

Grand Total: 3083 creatures vanquished

Notes
Turn   | Place    | Note
-------+----------+-------------------------------------------
     0 | D:1      | 00Nightcrawler the Formicid Chaos Knight began the quest for the Orb.
     0 | D:1      | Reached XP level 1. HP: 18/18 MP: 1/1
    65 | D:1      | Reached skill level 1 in Dodging
   227 | D:1      | Reached XP level 2. HP: 24/24 MP: 2/2
   583 | D:1      | Reached XP level 3. HP: 17/29 MP: 3/3
   743 | D:2      | Found a faded altar of an unknown god.
   850 | D:2      | XOM: mild Chrm miscast
   886 | D:2      | Reached XP level 4. HP: 32/37 MP: 4/4
   910 | D:2      | Found a sacrificial altar of Ru.
   912 | D:2      | Found a shattered altar of Ashenzari.
   914 | D:2      | Found a glowing silver altar of Zin.
  1029 | D:2      | Found a runed door.
  1300 | D:2      | XOM: smoke on damage
  1350 | D:2      | Noticed Crazy Yiuf
  1359 | D:2      | Crazy Yiuf changed into Crazy Yiuf the worm
  1362 | D:2      | Noticed Crazy Yiuf
  1362 | D:2      | Crazy Yiuf the worm changed into Crazy Yiuf the swamp drake
  1369 | D:2      | Crazy Yiuf the swamp drake changed into Crazy Yiuf the howler monkey
  1754 | D:3      | XOM: harmless Fire miscast
  1775 | D:3      | XOM: potion effect (heal wounds)
  1782 | D:3      | Reached XP level 5. HP: 28/42 MP: 5/5
  1948 | D:4      | XOM: medium Summ miscast
  1949 | D:4      | Noticed an ice devil
  1949 | D:4      | HP: 1/42 [ice devil[the severe capriciousness of Xom] (21)]
  1950 | D:3      | XOM: scenery: 1 doors close
  1952 | D:3      | XOM: scenery: create altars
  2084 | D:2      | XOM: silly message
  2191 | D:2      | XOM: give mutation
  2191 | D:2      | Gained mutation: Your spells are a little harder to cast, but a little more powerful. [Xom's grace]
  2592 | D:3      | Noticed Robin
  2595 | D:3      | Noticed Terence
  2652 | D:2      | Killed Terence
  2724 | D:2      | Killed Robin
  2769 | D:3      | Reached XP level 6. HP: 45/48 MP: 6/6
  2795 | D:3      | XOM: give mutations
  2795 | D:3      | Gained mutation: You are somewhat resistant to further mutation. [Xom's grace]
  2795 | D:3      | Gained mutation: You have large cloven feet. [Xom's grace]
  2841 | D:3      | XOM: medium Necr miscast
  2995 | D:3      | XOM: scenery: create altars
  3391 | D:3      | XOM: butterfly on damage
  3602 | D:4      | You fall through a shaft!
  3602 | D:5      | Entered Level 5 of the Dungeon
  3641 | D:5      | XOM: god gift: scroll labeled MOGOAG AHEL {god gift}
  3665 | D:5      | XOM: god gift: 43 gold pieces
  3693 | D:5      | Reached skill level 5 in Long Blades
  3992 | D:4      | XOM: summons 3 hostile demons
  4423 | D:4      | Reached XP level 7. HP: 48/55 MP: 7/7
  4428 | D:4      | XOM: scenery: create altars
  4553 | D:4      | Found a staircase to the Ecumenical Temple.
  4590 | D:4      | XOM: summons 3 hostile demons
  4665 | D:4      | XOM: god gift: 42 gold pieces
  4687 | D:4      | Reached skill level 5 in Fighting
  4883 | D:4      | XOM: medium Tmut miscast
  5054 | D:5      | XOM: scenery: 1 doors open
  5178 | D:5      | XOM: god gift: book of Air
  5341 | D:5      | XOM: give mutation
  5341 | D:5      | Gained mutation: You are robust. (+10% HP) [Xom's grace]
  5391 | D:5      | Found a deep blue altar of Sif Muna.
  5533 | D:5      | XOM: god gift: lightning rod (4/4)
  5579 | D:5      | XOM: god gift: glowing broad axe {god gift}
  5655 | D:6      | Found Afirry's General Store.
  5663 | D:6      | Noticed a water moccasin
  5676 | D:6      | Killed a water moccasin
  5676 | D:6      | Reached XP level 8. HP: 56/68 MP: 8/8
  5690 | D:6      | XOM: cast spell 'Dispersal'
  5694 | D:6      | XOM: fake destruction
  5699 | D:6      | XOM: god gift: 8 silver javelins
  5704 | D:6      | XOM: cast spell 'Olgreb's Toxic Radiance'
  5712 | D:6      | XOM: divination: detect items
  5725 | D:6      | Noticed Grinder
  5756 | D:6      | Killed Grinder
  5756 | D:6      | Reached skill level 5 in Armour
  5771 | D:6      | Found a sand-covered staircase.
  5772 | D:6      | XOM: god gift: 58 gold pieces
  5778 | Ossuary  | Entered an ossuary
  6111 | Ossuary  | XOM: fake destruction
  6114 | Ossuary  | XOM: polymorph scorpion -> ice beast
  6564 | Ossuary  | XOM: god gift: worn iron wand {god gift}
  6633 | Ossuary  | Reached XP level 9. HP: 58/75 MP: 9/9
  6666 | Ossuary  | XOM: give mutations
  6666 | Ossuary  | Gained mutation: You are covered in fur. (AC +1) [Xom's grace]
  6666 | Ossuary  | Gained mutation: You are partially covered in yellow scales. (AC +2) [Xom's grace]
  6666 | Ossuary  | Gained mutation: You possess an exceptional clarity of mind. [Xom's grace]
  6666 | Ossuary  | Gained mutation: You are agile. (Dex +2) [Xom's grace]
  6778 | Ossuary  | XOM: confuse monster(s)
  6785 | Ossuary  | XOM: cleaving
  6833 | Ossuary  | XOM: potion effect (might)
  6991 | D:6      | XOM: smoke on damage
  7077 | D:6      | XOM: blink monster(s)
  7078 | D:6      | XOM: confuse monster(s)
  7078 | D:6      | Noticed Edmund
  7079 | D:6      | Edmund changed into Edmund the ooze
  7079 | D:6      | XOM: polymorph Edmund -> Edmund the ooze
  7081 | D:6      | XOM: give mutations
  7081 | D:6      | Gained mutation: You have hoof-like feet. [Xom's grace]
  7081 | D:6      | Gained mutation: You are resistant to hostile enchantments. (MR+) [Xom's grace]
  7081 | D:6      | Gained mutation: Your flesh is cold resistant. (rC+) [Xom's grace]
  7081 | D:6      | Gained mutation: You are very robust. (+20% HP) [Xom's grace]
  7108 | D:6      | XOM: butterfly on damage
  7236 | D:6      | XOM: polymorph adder -> frilled lizard
  7377 | D:6      | XOM: potion effect (might)
  7526 | D:7      | Reached skill level 5 in Dodging
  7560 | D:7      | Found an opulent altar of Gozag.
  7625 | D:7      | XOM: mild Ice miscast
  7629 | D:7      | XOM: scenery: create altars
  8127 | D:8      | Noticed Erica
  8139 | D:8      | Killed Erica
  8139 | D:8      | Reached skill level 1 in Throwing
  8139 | D:8      | Reached XP level 10. HP: 50/94 MP: 10/10
  8359 | D:8      | XOM: polymorph jelly -> adder
  8468 | D:8      | XOM: confuse monster(s)
  8533 | D:8      | Noticed a purple ugly thing
  8539 | D:8      | Noticed a centaur warrior
  8543 | D:8      | Killed a purple ugly thing
  8550 | D:8      | XOM: cast spell 'Summon Hydra'
  8551 | D:8      | Reached skill level 5 in Shields
  8561 | D:8      | Killed a centaur warrior
  8561 | D:8      | Reached XP level 11. HP: 89/103 MP: 11/11
  8762 | D:8      | XOM: god gift: scroll of enchant weapon
  8777 | D:8      | XOM: god gift: crooked jewelled staff {god gift}
  8888 | D:8      | XOM: chaos cloud
  8958 | D:8      | Found an opulent altar of Gozag.
  8987 | D:8      | Found a large runed door.
  8987 | D:8      | Found a large runed door.
  8989 | D:8      | Noticed sangerfol's ghost (novice FoFi)
  9122 | D:8      | XOM: give mutations
  9122 | D:8      | Gained mutation: You are covered in thick fur. (AC +2) [Xom's grace]
  9122 | D:8      | Gained mutation: You are partially covered in icy blue scales. (AC +2) [Xom's grace]
  9122 | D:8      | Gained mutation: You are very agile. (Dex +4) [Xom's grace]
  9271 | D:8      | XOM: cloud trail
  9340 | D:9      | Found a staircase to the Orcish Mines.
  9346 | D:9      | Reached skill level 10 in Long Blades
  9363 | D:9      | Noticed a two-headed ogre
  9365 | D:9      | XOM: polymorph worker ant -> gnoll
  9366 | D:9      | XOM: scenery: create altars
  9369 | D:9      | Noticed a faun
  9369 | D:9      | a two-headed ogre changed into a faun
  9369 | D:9      | XOM: polymorph two-headed ogre -> faun
  9376 | D:9      | Killed a faun
  9505 | D:9      | XOM: scenery: create altars
  9545 | D:9      | XOM: fake destruction
  9553 | D:9      | XOM: summons 2 friendly demons
  9736 | D:9      | XOM is BORED!
  9789 | D:9      | XOM: scenery: create altars
  9796 | D:9      | XOM: noise
  9855 | D:10     | Entered Level 10 of the Dungeon
  9955 | D:10     | XOM: snakes to sticks
  9970 | D:10     | XOM: scenery: create altars
  9975 | D:10     | XOM: cast spell 'Call Canine Familiar'
  9997 | D:10     | XOM: enchant monster (good)
 10087 | D:10     | XOM: harmless Ice miscast
 10307 | D:10     | Noticed a two-headed ogre
 10316 | D:10     | Killed a two-headed ogre
 10393 | D:10     | Noticed Fannar
 10395 | D:10     | XOM: fake destruction
 10403 | D:10     | Noticed Fannar
 10403 | D:10     | Fannar changed into Fannar the shining eye
 10403 | D:10     | XOM: polymorph Fannar -> Fannar the shining eye
 10411 | D:10     | Killed Fannar the shining eye
 10439 | D:10     | XOM: polymorph howler monkey -> adder
 10675 | D:11     | Found a sparkling altar of Nemelex Xobeh.
 10678 | D:11     | Noticed a manticore
 10680 | D:11     | Noticed a two-headed ogre
 10695 | D:11     | XOM: enchant monster (good)
 10702 | D:11     | Killed a manticore
 10702 | D:11     | Reached XP level 12. HP: 111/112 MP: 12/12
 10730 | D:11     | Found a transporter.
 10757 | D:11     | Killed a two-headed ogre
 10915 | D:11     | Noticed a four-headed hydra
 10923 | D:11     | Killed a one-headed hydra
 10933 | D:11     | XOM: god gift: twisted bronze ring {god gift}
 10955 | D:11     | XOM: divine lightning
 10979 | D:11     | XOM: summons friendly shadow imp
 10982 | D:11     | XOM: noise
 11078 | D:11     | Found a staircase to the Lair.
 11346 | Lair:1   | Entered Level 1 of the Lair of Beasts
 11349 | Lair:1   | XOM: enchant monster (bad)
 11352 | Lair:1   | Reached skill level 5 in Throwing
 11364 | Lair:1   | XOM: harmless Chrm miscast
 11385 | Lair:1   | Found a sparkling altar of Nemelex Xobeh.
 11398 | Lair:1   | Found a frozen archway.
 11402 | Lair:1   | XOM: confuse monster(s)
 11407 | IceCv    | Entered an ice cave
 11414 | IceCv    | XOM: harmless Tloc miscast
 11505 | IceCv    | XOM: noise
 11543 | IceCv    | XOM: noise
 11570 | IceCv    | Killed a reaper
 11650 | IceCv    | XOM: summons 2 friendly demons
 11733 | IceCv    | XOM: potion effect (might)
 11740 | IceCv    | XOM: harmless Conj miscast
 11743 | IceCv    | XOM: give mutations
 11743 | IceCv    | Lost mutation: You possess an exceptional clarity of mind. [Xom's mischief]
 11743 | IceCv    | Lost mutation: You have hoof-like feet. [Xom's mischief]
 11763 | IceCv    | XOM: swap monsters
 11871 | IceCv    | Got a polished demon trident
 11872 | IceCv    | Identified the +4 demon trident "Neguahou" {drain, *Noise rC+ Str+3} (You found it in an ice cave)
 12150 | Lair:1   | Noticed a four-headed hydra
 12159 | Lair:1   | Killed a one-headed hydra
 12373 | Lair:1   | XOM: god gift: 8 stones
 12411 | Lair:1   | Noticed a five-headed hydra
 12421 | Lair:1   | Killed a one-headed hydra
 12485 | Lair:1   | Reached XP level 13. HP: 110/121 MP: 13/13
 12489 | Lair:1   | XOM: enchant monster (bad)
 12623 | Lair:1   | XOM: noise
 12635 | Lair:1   | Noticed a five-headed hydra
 12647 | Lair:1   | Killed a three-headed hydra
 12873 | Lair:2   | XOM: harmless Necr miscast
 13076 | Lair:2   | XOM: summons 2 friendly demons
 13076 | Lair:2   | Noticed Harold
 13087 | Lair:2   | XOM: smoke on damage
 13090 | Lair:2   | XOM: summons 3 friendly demons
 13098 | Lair:2   | Killed Harold
 13098 | Lair:2   | Reached skill level 10 in Fighting
 13203 | Lair:2   | XOM: enchant monster (good)
 13350 | Lair:2   | XOM: swap monsters
 13466 | Lair:2   | XOM: potion effect (invisibility)
 13467 | Lair:2   | XOM: confuse monster(s)
 13623 | Lair:2   | Found a staircase to the Swamp.
 13734 | Lair:3   | Found a runed door.
 13739 | Lair:3   | Noticed ArcanElement's ghost (journeyman DEWz)
 13779 | Lair:3   | Found a staircase to the Snake Pit.
 13791 | Lair:3   | Found a labyrinth entrance.
 13802 | Lab      | Entered a labyrinth
 13823 | Lab      | Found an exit through the horrors of the Abyss.
 13945 | Lab      | Noticed a minotaur
 13946 | Lab      | XOM: silly message
 13960 | Lab      | Killed a minotaur
 14044 | Lair:3   | XOM: potion effect (invisibility)
 14050 | Lair:3   | XOM: potion effect (experience)
 14050 | Lair:3   | Reached skill level 10 in Armour
 14050 | Lair:3   | Reached XP level 14. HP: 132/133 MP: 14/14
 14056 | Lair:3   | XOM: potion effect (might)
 14144 | Lair:3   | XOM: divination: magic mapping
 14547 | Lair:3   | XOM is BORED!
 14547 | Lair:3   | XOM: mild Ice miscast
 14769 | Lair:4   | XOM: give mutations
 14769 | Lair:4   | Lost mutation: You are very robust. (+20% HP) [Xom's mischief]
 14769 | Lair:4   | Lost mutation: You have large cloven feet. [Xom's mischief]
 15362 | Lair:4   | Found a runed door.
 15365 | Lair:4   | Found a shimmering altar of Xom.
 15365 | Lair:4   | Noticed CanOfBees's ghost (journeyman TeAE)
 15474 | Lair:5   | XOM: summons friendly quasit
 15590 | Lair:5   | XOM: divine lightning
 15593 | Lair:5   | XOM: summons 4 friendly demons
 15596 | Lair:5   | XOM: swap monsters
 15680 | Lair:5   | XOM: summons friendly ufetubus
 15686 | Lair:5   | XOM: snakes to sticks
 15704 | Lair:5   | XOM: potion effect (might)
 15716 | Lair:5   | XOM: summons friendly shadow imp
 16007 | Lair:5   | XOM: cleaving
 16102 | Lair:5   | XOM: god gift: box of beasts
 16182 | Lair:5   | Reached XP level 15. HP: 130/130 MP: 15/15
 16238 | Lair:5   | XOM: mild Necr miscast
 16304 | Lair:6   | Entered Level 6 of the Lair of Beasts
 16571 | D:8      | Killed sangerfol's ghost
 16613 | D:8      | XOM: god gift: 54 gold pieces
 16651 | D:10     | XOM: god gift: 13 stones
 16674 | D:11     | Found a roughly hewn altar of Beogh.
 16685 | D:11     | XOM: confuse monster(s)
 16710 | D:11     | Found a transporter.
 16717 | D:11     | XOM: divination: detect items
 16796 | D:11     | Got a faintly humming troll leather armour
 16807 | D:11     | Identified the +1 troll leather armour of Pongev {rN+ Regen+} (You found it on level 11 of the Dungeon)
 16946 | Lair:3   | XOM: cleaving
 16956 | Lair:3   | Killed ArcanElement's ghost
 17083 | Lair:4   | XOM: swap monsters
 17096 | Lair:4   | XOM: divine lightning
 17100 | Lair:4   | XOM: enchant monster (good)
 17111 | Lair:4   | Killed CanOfBees's ghost
 17113 | Lair:4   | Got a brightly glowing demon blade {chaos}
 17114 | Lair:4   | Identified the +10 demon blade of Reinforcement {chaos, -Tele rC+++ Int+3} (You subdued it on level 4 of the Lair of Beasts)
 17285 | Lair:6   | XOM: give mutations
 17285 | Lair:6   | Gained mutation: Your thick and shaggy fur keeps you warm. (AC +3, rC+) [Xom's grace]
 17285 | Lair:6   | Gained mutation: Your skin changes colour to match your surroundings (Stealth+). [Xom's grace]
 17285 | Lair:6   | Gained mutation: You have large cloven feet. [Xom's grace]
 17299 | Lair:6   | XOM: noise
 17313 | Lair:6   | XOM: summons 6 hostile demons
 17347 | Lair:6   | XOM: noise
 17350 | Lair:6   | XOM: enchant monster (bad)
 17351 | Lair:6   | XOM: confuse monster(s)
 17397 | Lair:6   | XOM: enchant monster (bad)
 17457 | Lair:6   | XOM: divination: detect items
 17458 | Lair:6   | Noticed an emperor scorpion
 17458 | Lair:6   | a merfolk avatar changed into an emperor scorpion
 17458 | Lair:6   | XOM: polymorph merfolk avatar -> emperor scorpion
 17464 | Lair:6   | XOM: noise
 17474 | Lair:6   | Killed an emperor scorpion
 17480 | Lair:6   | XOM: noise
 17501 | Lair:6   | Reached skill level 10 in Dodging
 17579 | Lair:6   | XOM: mild Summ miscast
 17584 | Lair:6   | XOM: polymorph crocodile -> wyvern
 17590 | Lair:6   | XOM: summons 5 friendly demons
 17641 | Lair:6   | XOM: swap monsters
 17992 | Lair:6   | Found a staircase to the Slime Pits.
 18017 | Lair:6   | XOM: divination: magic mapping
 18274 | Orc:1    | Entered Level 1 of the Orcish Mines
 18319 | Orc:1    | Found a dark tunnel.
 18328 | Volcano  | Entered a volcano
 18374 | Volcano  | XOM: give mutations
 18374 | Volcano  | Gained mutation: You are mostly covered in yellow scales. (AC +3) [Xom's grace]
 18374 | Volcano  | Gained mutation: You are somewhat resistant to both further mutation and mutation removal. [Xom's grace]
 18374 | Volcano  | Gained mutation: You have an increased reservoir of magic. (+10% MP) [Xom's grace]
 18374 | Volcano  | Gained mutation: You passively map a small area around you. [Xom's grace]
 18506 | Orc:2    | Entered Level 2 of the Orcish Mines
 18506 | Orc:2    | Noticed Rupert
 18520 | Orc:2    | Killed Rupert
 18525 | Orc:2    | Noticed an orc warlord
 18545 | Orc:2    | XOM: enchant monster (good)
 18553 | Orc:2    | Reached XP level 16. HP: 84/141 MP: 17/17
 18554 | Orc:2    | XOM: cloud trail
 18632 | Orc:2    | XOM: scenery: create altars
 18721 | Orc:2    | XOM: divine lightning
 18724 | Orc:2    | Noticed Dmuffinman's ghost (journeyman MiBe)
 18726 | Orc:2    | XOM: summons friendly iron imp
 18735 | Orc:2    | XOM: confuse monster(s)
 18754 | Orc:1    | Found Vaiziu's General Store.
 18918 | Orc:2    | Found a runed gate.
 18918 | Orc:2    | Found a runed gate.
 18918 | Orc:2    | Found a runed gate.
 18950 | Orc:2    | XOM: cloud trail
 18957 | Orc:2    | XOM: cast spell 'Cause Fear'
 19097 | Orc:2    | Found a staircase to the Elven Halls.
 19164 | Orc:2    | XOM: harmless Necr miscast
 19368 | Orc:2    | XOM: enchant monster (bad)
 19393 | Orc:2    | XOM: enchant monster (good)
 19401 | Orc:2    | XOM: summons friendly ufetubus
 19404 | Orc:2    | XOM: cast spell 'Ring of Flames'
 19408 | Orc:2    | XOM: potion effect (might)
 19519 | Orc:2    | Found Meud's Antique Weapon Shop.
 19559 | Orc:2    | Found an ancient bone altar of Kikubaaqudgha.
 19595 | Orc:2    | XOM: enchant monster (good)
 19613 | Orc:2    | Found a radiant altar of Vehumet.
 19630 | Orc:2    | Found a roughly hewn altar of Beogh.
 19630 | Orc:2    | Found Olatz's Book Boutique.
 19635 | Orc:2    | Found Tuymn's Book Shop.
 19653 | Orc:2    | XOM: divination: magic mapping
 19723 | Orc:2    | Found Wenlat's Magic Scroll Boutique.
 20101 | Orc:2    | XOM: potion effect (agility)
 20141 | Orc:2    | Killed Dmuffinman's ghost
 20163 | Orc:2    | XOM: silly message
 20296 | D:12     | XOM: smoke on damage
 20300 | D:12     | XOM: cast spell 'Metabolic Englaciation'
 20425 | D:12     | XOM: summons 8 friendly demons
 20440 | D:12     | Reached skill level 10 in Throwing
 20709 | D:12     | XOM: god gift: ration
 20723 | D:12     | Identified a scroll of acquirement
 20789 | D:13     | XOM: scenery: 1 fountains blood, 1 doors open, 2 doors close
 20822 | D:13     | XOM: mild Pois miscast
 20839 | D:13     | XOM: noise
 21080 | D:13     | XOM: swap monsters
 21408 | D:13     | XOM: torment (73/144 hp)
 21567 | D:14     | Found a gate to the Vaults.
 21583 | D:14     | XOM: confusion (+ monsters)
 21658 | D:14     | XOM: enchant monster (bad)
 21720 | D:14     | Noticed Roxanne
 21769 | D:14     | Noticed Nessos
 21780 | D:14     | Killed Nessos
 21863 | D:14     | Noticed Snorg
 21874 | D:14     | Killed Snorg
 21898 | D:14     | Reached XP level 17. HP: 147/151 MP: 18/18
 22114 | D:14     | Found a portal to a secret trove of treasure.
 22520 | D:14     | XOM: silly message
 22552 | D:14     | XOM: scenery: create altars
 22560 | D:14     | Killed Roxanne
 22561 | D:14     | Identified Roxanne's Grimoire of Stones (You took it off Roxanne on level 14 of the Dungeon)
 22587 | D:15     | Entered Level 15 of the Dungeon
 22608 | D:15     | XOM: summons friendly ynoxinul
 22638 | D:15     | XOM: cleaving
 22663 | D:15     | XOM: summons friendly white imp
 22673 | D:15     | Found a staircase to the Depths.
 22801 | D:15     | XOM: divine lightning
 22952 | D:15     | XOM: scenery: create altars
 23003 | D:15     | Noticed Azrael
 23013 | D:15     | Killed Azrael
 23068 | D:15     | XOM: god gift: shiny chain mail {god gift}
 23135 | D:15     | XOM: god gift: glowing spear {god gift}
 23442 | D:11     | XOM: scenery: create altars
 23542 | Snake:1  | Entered Level 1 of the Snake Pit
 23616 | Snake:1  | XOM: god gift: 16 stones
 23798 | Snake:1  | XOM: summons 2 friendly demons
 23800 | Snake:1  | XOM: snakes to sticks
 23931 | Snake:1  | XOM: fog
 23949 | Snake:1  | XOM: cloud trail
 23999 | Snake:1  | XOM: scenery: create altars
 24021 | Snake:1  | Found Nohaehe's Gadget Emporium.
 24381 | Snake:2  | XOM: swap monsters
 24489 | Snake:2  | XOM: mild Summ miscast
 24539 | Snake:2  | XOM: give mutations
 24539 | Snake:2  | Lost mutation: You passively map a small area around you. [Xom's mischief]
 24539 | Snake:2  | Lost mutation: Your spells are a little harder to cast, but a little more powerful. [Xom's mischief]
 24539 | Snake:2  | Lost mutation: You are very agile. (Dex +4) [Xom's mischief]
 24818 | Snake:2  | XOM: confusion
 24868 | Snake:2  | Reached XP level 18. HP: 123/162 MP: 13/19
 24885 | Snake:2  | XOM: harmless Tloc miscast
 24903 | Snake:2  | XOM: swap monsters
 24959 | Snake:2  | Reached skill level 15 in Fighting
 25701 | Snake:3  | XOM: medium Hex miscast
 25703 | Snake:3  | XOM: chaos cloud
 25712 | Snake:3  | Reached skill level 15 in Armour
 25962 | Snake:3  | XOM: chaos cloud
 26029 | Snake:3  | XOM: mild Air miscast
 26101 | Snake:3  | XOM: confusion
 26132 | Snake:3  | XOM: swap monsters
 26250 | Snake:3  | XOM: polymorph black mamba -> hippogriff
 26579 | Snake:4  | Entered Level 4 of the Snake Pit
 26610 | Snake:4  | XOM: give mutations
 26610 | Snake:4  | Lost mutation: Your flesh is cold resistant. (rC+) [Xom's mischief]
 26610 | Snake:4  | Lost mutation: You are somewhat resistant to both further mutation and mutation removal. [Xom's mischief]
 26610 | Snake:4  | Lost mutation: You are agile. (Dex +2) [Xom's mischief]
 26610 | Snake:4  | Lost mutation: You are mostly covered in yellow scales. (AC +3) [Xom's mischief]
 26641 | Snake:4  | XOM: summons 4 hostile demons
 26725 | Snake:4  | XOM: destruction
 26853 | Snake:4  | XOM: cast spell 'Disjunction'
 26948 | Snake:4  | XOM: enchant monster (good)
 26972 | Snake:4  | Reached skill level 10 in Shields
 27004 | Snake:4  | XOM: noise
 27094 | Snake:4  | XOM: summons friendly iron imp
 27117 | Snake:4  | XOM: divination: detect items
 27513 | Snake:4  | XOM: scenery: 1 doors close
 27542 | Snake:4  | XOM: summons 2 friendly demons
 27566 | Snake:4  | Reached XP level 19. HP: 158/172 MP: 20/20
 27574 | Snake:4  | XOM: cast spell 'Necromutation'
 27698 | Snake:4  | XOM: summons 8 friendly demons
 27868 | Snake:4  | XOM: give mutation
 27868 | Snake:4  | Gained mutation: You are clumsy. (Dex -2) [Xom's mischief]
 27957 | Snake:4  | XOM: summons 10 friendly demons
 27971 | Snake:4  | XOM: enchant monster (good)
 27979 | Snake:4  | XOM: enchant monster (good)
 27991 | Snake:4  | XOM: polymorph crimson imp -> white imp
 27993 | Snake:4  | XOM: summons friendly shadow imp
 27994 | Snake:4  | XOM: fog
 28002 | Snake:4  | XOM: enchant monster (good)
 28011 | Snake:4  | XOM: cast spell 'Alistair's Intoxication'
 28020 | Snake:4  | XOM: cast spell 'Alistair's Intoxication'
 28049 | Snake:4  | XOM: harmless Chrm miscast
 28133 | Snake:4  | XOM: mild Air miscast
 28197 | Snake:4  | XOM: give mutation
 28197 | Snake:4  | Lost mutation: You are clumsy. (Dex -2) [Xom's mischief]
 28220 | Snake:4  | XOM: noise
 28226 | Snake:4  | XOM: confusion (+ monsters)
 28233 | Snake:4  | XOM: divination: detect creatures
 28302 | Snake:4  | XOM: medium Fire miscast
 28312 | Snake:4  | XOM: god gift: book of Flames
 28318 | Snake:4  | Got a serpentine rune of Zot
 28430 | Snake:4  | XOM: give mutations
 28430 | Snake:4  | Gained mutation: You possess an exceptional clarity of mind. [Xom's grace]
 28430 | Snake:4  | Gained mutation: You are partially covered in slimy green scales. (AC +2) [Xom's grace]
 28430 | Snake:4  | Gained mutation: You have hoof-like feet. [Xom's grace]
 28430 | Snake:4  | Gained mutation: You expend magic power (3 MP) to strengthen your wands. [Xom's grace]
 28541 | Swamp:1  | Entered Level 1 of the Swamp
 28702 | Swamp:1  | XOM: divination: magic mapping
 28705 | Swamp:1  | XOM: polymorph spiny frog -> polar bear
 28709 | Swamp:1  | XOM: divine lightning
 28712 | Swamp:1  | XOM: confuse monster(s)
 28763 | Swamp:1  | Noticed Louise
 28773 | Swamp:1  | XOM: enchant monster (good)
 28776 | Swamp:1  | Killed Louise
 29091 | Swamp:1  | XOM: harmless Necr miscast
 29163 | Swamp:1  | XOM: god gift: 21 gold pieces
 29244 | Swamp:1  | XOM: medium Fire miscast
 29463 | Swamp:2  | XOM: stealth player
 29467 | Swamp:2  | XOM: divination: detect creatures
 29483 | Swamp:1  | XOM: divine lightning
 29635 | Swamp:2  | XOM: summons 3 hostile demons
 29712 | Swamp:2  | XOM: divine lightning
 29769 | Swamp:2  | Found a transporter.
 29974 | Swamp:2  | XOM: scenery: create altars
 30034 | Swamp:2  | Found a transporter.
 30115 | Swamp:2  | XOM: god gift: embroidered cloak {god gift}
 30375 | Swamp:2  | XOM: confuse monster(s)
 30450 | Swamp:2  | Learned a level 1 spell: Apportation
 30499 | Swamp:2  | Got a translucent copper amulet
 30509 | Swamp:2  | XOM: god gift: 54 gold pieces
 30524 | Swamp:2  | Got a heavily runed glass ring
 30526 | Swamp:2  | Identified the ring "Usopn" {*Slow +Fly rF+ rN++} (You found it on level 2 of the Swamp)
 30528 | Swamp:2  | Identified the amulet "Geg Volips" {Spirit rPois Dex+3} (You found it on level 2 of the Swamp)
 30764 | Swamp:3  | XOM: summons 2 friendly demons
 30782 | Swamp:3  | XOM: give mutations
 30782 | Swamp:3  | Gained mutation: You are highly resistant to hostile enchantments. (MR++) [Xom's grace]
 30782 | Swamp:3  | Gained mutation: You have hooves in place of feet. [Xom's grace]
 30782 | Swamp:3  | Gained mutation: Your natural rate of healing is unusually fast. [Xom's grace]
 30873 | Swamp:3  | XOM: cloud trail
 30882 | Swamp:3  | XOM: fog
 30915 | Swamp:3  | Reached XP level 20. HP: 145/182 MP: 17/22
 30963 | Swamp:3  | Got a dazzling chain mail
 30996 | Swamp:3  | Identified the +0 chain mail of the Pirate {rElec rF+ rCorr} (You found it on level 3 of the Swamp)
 31203 | Swamp:3  | XOM: scenery: create altars
 31337 | Swamp:3  | XOM: give mutations
 31337 | Swamp:3  | Gained mutation: You are agile. (Dex +2) [Xom's grace]
 31337 | Swamp:3  | Gained mutation: You have a beak for a mouth. [Xom's grace]
 31337 | Swamp:3  | Gained mutation: Your spells are a little harder to cast, but a little more powerful. [Xom's grace]
 31495 | Swamp:4  | Entered Level 4 of the Swamp
 31505 | Swamp:4  | Found the cursed +13 scythe of Curses {drain, *Curse}
 31635 | Swamp:4  | XOM: divine lightning
 31729 | Swamp:4  | XOM: fake destruction
 31749 | Swamp:4  | XOM: scenery: create altars
 31751 | Swamp:4  | XOM: enchant monster (good)
 32128 | Swamp:4  | XOM: scenery: create altars
 32133 | Swamp:4  | XOM: summons friendly ufetubus
 32137 | Swamp:4  | XOM: scenery: create altars
 32205 | Swamp:4  | Got a decaying rune of Zot
 32403 | Swamp:4  | XOM: divination: magic mapping
 32774 | Orc:2    | XOM: give mutation
 32774 | Orc:2    | Gained mutation: Your mind is acute. (Int +2) [Xom's grace]
 32782 | Elf:1    | Entered Level 1 of the Elven Halls
 32789 | Elf:1    | XOM: divination: magic mapping
 32793 | Elf:1    | XOM: enchant monster (bad)
 32851 | Elf:1    | XOM: harmless Chrm miscast
 32890 | Elf:1    | XOM: confuse monster(s)
 32892 | Elf:1    | Reached skill level 15 in Shields
 33003 | Elf:1    | XOM: cast spell 'Summon Small Mammal'
 33081 | Elf:1    | XOM: potion effect (invisibility)
 33136 | Elf:1    | XOM: mild Air miscast
 33400 | Elf:1    | XOM: noise
 33454 | Elf:1    | XOM: mild Ice miscast
 33631 | Elf:1    | XOM: harmless Ice miscast
 33681 | Elf:2    | XOM: polymorph deep elf mage -> eye of devastation
 33706 | Elf:2    | XOM: repel stairs
 33713 | Elf:2    | XOM: stat loss: -1 Int (19/20)
 33720 | Elf:2    | XOM: chaos cloud
 33819 | Elf:2    | XOM: medium Tloc miscast
 33821 | Elf:2    | Reached XP level 21. HP: 172/191 MP: 19/23
 33852 | Elf:2    | XOM: polymorph deep elf mage -> eye of devastation
 33884 | Elf:2    | XOM: mild Necr miscast
 33896 | Elf:2    | XOM: confuse monster(s)
 33897 | Elf:2    | XOM: harmless Summ miscast
 33898 | Elf:2    | XOM: medium Summ miscast
 34012 | Elf:2    | XOM: harmless Summ miscast
 34039 | Elf:2    | Found Seuxeot's Armour Boutique.
 34110 | Elf:2    | XOM: chaos cloud
 34114 | Elf:2    | XOM: swap monsters
 34145 | Elf:2    | Found a runed gate.
 34146 | Elf:2    | Found a runed gate.
 34146 | Elf:2    | Found a runed gate.
 34252 | Elf:2    | Reached skill level 15 in Dodging
 34264 | Elf:2    | XOM: mild Pois miscast
 34271 | Elf:2    | XOM: enchant monster (bad)
 34362 | Elf:2    | XOM: divination: magic mapping
 34443 | Elf:2    | XOM: enchant monster (bad)
 34458 | Elf:2    | XOM: silly message
 34500 | Elf:2    | XOM: mild Chrm miscast
 34502 | Elf:2    | XOM: mild Conj miscast
 34625 | Elf:3    | Entered Level 3 of the Elven Halls
 34649 | Elf:3    | Noticed Nikola
 34666 | Elf:3    | Killed Nikola
 35022 | Elf:3    | Found Suinewif's Magic Scroll Boutique.
 35034 | Elf:3    | Bought a scroll of acquirement for 728 gold pieces
 35118 | Elf:3    | XOM: mild Conj miscast
 35273 | Elf:3    | XOM: divination: detect creatures
 35391 | Elf:3    | Noticed Donald
 35401 | Elf:3    | Noticed Donald
 35401 | Elf:3    | Donald changed into Donald the storm dragon
 35401 | Elf:3    | XOM: polymorph Donald -> Donald the storm dragon
 35409 | Elf:3    | XOM: confuse monster(s)
 35412 | Elf:3    | Killed Donald the storm dragon
 35430 | Elf:3    | XOM: divination: detect items
 35570 | Elf:3    | XOM: fake destruction
 35583 | Elf:3    | XOM: scenery: create altars
 35584 | Elf:3    | XOM: confuse monster(s)
 35764 | Elf:3    | XOM: summons friendly quasit
 35767 | Elf:3    | Reached XP level 22. HP: 203/203 MP: 24/24
 35802 | Elf:3    | XOM: enchant monster (good)
 35899 | Elf:3    | XOM: scenery: create altars
 36014 | Elf:3    | Identified the Papyrus of Stolen Souls
 36021 | Elf:3    | Got a shimmering cloak
 36032 | Elf:3    | Identified the +0 cloak "Gifidgh" {rF+} (You found it on level 3 of the Elven Halls)
 36066 | Elf:3    | Found the +8 autumn katana {slice, Clar}
 36456 | Vaults:1 | Entered Level 1 of the Vaults
 36533 | Vaults:1 | XOM: polymorph titanic slime creature -> water nymph
 36535 | Vaults:1 | XOM: divine lightning
 36537 | Vaults:1 | XOM: destruction
 36779 | Vaults:1 | XOM: noise
 36938 | Vaults:1 | XOM: summons 11 friendly demons
 37114 | Vaults:1 | XOM: harmless Conj miscast
 37345 | Vaults:1 | Identified the Volume of Fire
 37427 | Vaults:2 | Found a sacrificial altar of Ru.
 37538 | Vaults:2 | XOM: fog
 37599 | Vaults:2 | XOM: scenery: 1 doors open
 37606 | Vaults:2 | XOM: potion effect (agility)
 37679 | Vaults:2 | Found a large runed door.
 37679 | Vaults:2 | Found a large runed door.
 37679 | Vaults:2 | Found a large runed door.
 37680 | Vaults:2 | Found a large runed door.
 37693 | Vaults:2 | Noticed Jory
 37710 | Vaults:2 | Killed Jory
 37866 | Vaults:2 | Got a smoking chain mail
 37877 | Vaults:2 | Identified the +13 chain mail of Qaann {rF+ Dex+6} (You found it on level 2 of the Vaults)
 37896 | Vaults:2 | XOM: fog
 37897 | Vaults:2 | XOM: confuse monster(s)
 37949 | Vaults:2 | XOM: summons friendly quasit
 37964 | Vaults:2 | XOM: chaos upgrade
 37977 | Vaults:2 | XOM: noise
 38063 | Vaults:2 | XOM: polymorph stone giant -> frost giant
 38382 | Vaults:2 | Found Qoom's Book Shoppe.
 38490 | Vaults:2 | XOM: confuse monster(s)
 38609 | Vaults:2 | XOM: give mutations
 38609 | Vaults:2 | Gained mutation: Your flesh is heat resistant. (rF+) [Xom's grace]
 38609 | Vaults:2 | Lost mutation: You are somewhat resistant to further mutation. [Xom's grace]
 38609 | Vaults:2 | Gained mutation: You evolve. [Xom's grace]
 38610 | Vaults:2 | XOM: give mutations
 38610 | Vaults:2 | Gained mutation: You passively map a small area around you. [Xom's grace]
 38610 | Vaults:2 | Gained mutation: Your flesh is very heat resistant. (rF++) [Xom's grace]
 38610 | Vaults:2 | Gained mutation: Your spells are harder to cast, but more powerful. [Xom's grace]
 38610 | Vaults:2 | Gained mutation: Your flesh is almost immune to the effects of heat. (rF+++) [Xom's grace]
 38719 | Vaults:2 | Found a large runed door.
 38719 | Vaults:2 | Found a large runed door.
 38720 | Vaults:2 | Noticed Bailed's ghost (veteran MiMo)
 38722 | Vaults:2 | Found a large runed door.
 38722 | Vaults:2 | Found a large runed door.
 38845 | Vaults:3 | Reached XP level 23. HP: 190/213 MP: 20/25
 38878 | Vaults:3 | XOM: confuse monster(s)
 39199 | Vaults:3 | XOM: noise
 39213 | Vaults:3 | XOM: summons 9 friendly demons
 39218 | Vaults:3 | XOM: summons friendly iron imp
 39281 | Vaults:3 | XOM: noise
 39464 | Vaults:3 | XOM: scenery: 1 doors open, 1 doors close
 39470 | Vaults:3 | XOM: god gift: scroll of teleportation
 39494 | Vaults:3 | XOM: scenery: create altars
 39512 | Vaults:3 | XOM: scenery: create altars
 39769 | Vaults:3 | Found a staircase to the Crypt.
 39769 | Vaults:3 | XOM: scenery: 3 doors close
 39801 | Vaults:3 | XOM: summons 4 friendly demons
 39803 | Vaults:3 | XOM: enchant monster (bad)
 39811 | Vaults:3 | XOM: blink monster(s)
 39816 | Vaults:3 | XOM: polymorph crimson imp -> white imp
 39817 | Vaults:3 | XOM: harmless Fire miscast
 40198 | Vaults:4 | XOM: blink monster(s)
 40237 | Vaults:4 | XOM: enchant monster (bad)
 40241 | Vaults:4 | XOM: enchant monster (bad)
 40276 | Vaults:4 | Noticed Sojobo
 40278 | Vaults:4 | XOM: destruction
 40282 | Vaults:4 | XOM: harmless Erth miscast
 40289 | Vaults:4 | XOM: cast spell 'Summon Butterflies'
 40291 | Vaults:4 | XOM: summons 3 hostile demons
 40310 | Vaults:4 | Killed Sojobo
 40399 | Vaults:4 | XOM: enchant monster (bad)
 40403 | Vaults:4 | XOM: enchant monster (bad)
 40407 | Vaults:4 | XOM: swap monsters
 40429 | Vaults:4 | XOM: cast spell 'Olgreb's Toxic Radiance'
 40638 | Vaults:4 | XOM: confuse monster(s)
 40649 | Vaults:4 | XOM: potion effect (invisibility)
 40776 | Vaults:4 | Reached XP level 24. HP: 205/222 MP: 24/25
 40785 | Vaults:4 | XOM: enchant monster (good)
 40804 | Vaults:4 | Reached skill level 15 in Long Blades
 40944 | Vaults:4 | XOM: potion effect (might)
 40950 | Vaults:4 | XOM: cleaving
 40963 | Vaults:4 | XOM: polymorph deep elf mage -> elephant
 41348 | D:14     | XOM: scenery: create altars
 41731 | Orc:2    | XOM: cloud trail
 41951 | Crypt:1  | Entered Level 1 of the Crypt
 42082 | Crypt:1  | XOM: torment (132/222 hp)
 42270 | Crypt:1  | XOM: god gift: 20 arrows
 42272 | Crypt:1  | XOM: mild Tloc miscast
 42274 | Crypt:1  | XOM: scenery: create altars
 42387 | Crypt:1  | XOM: summons 12 hostile demons
 42775 | Crypt:2  | XOM: medium Hex miscast
 43245 | Crypt:2  | XOM: mild Conj miscast
 43263 | Crypt:2  | XOM: swap monsters
 43349 | Crypt:2  | XOM: summons 3 hostile demons
 43428 | Crypt:3  | Entered Level 3 of the Crypt
 43464 | Crypt:3  | XOM: mild Ice miscast
 43543 | Crypt:3  | XOM: medium Pois miscast
 43592 | Crypt:3  | XOM: harmless Necr miscast
 43627 | Crypt:3  | Noticed an ancient lich
 43627 | Crypt:3  | Noticed an ancient lich
 43639 | Crypt:3  | Killed an ancient lich
 43653 | Crypt:3  | XOM: potion effect (experience)
 43653 | Crypt:3  | Reached XP level 25. HP: 162/231 MP: 19/25
 43659 | Crypt:3  | Killed an ancient lich
 43665 | Crypt:3  | Identified the Papyrus of Necromancy
 43718 | Crypt:3  | XOM: divination: detect items
 43721 | Crypt:3  | XOM: harmless Ice miscast
 43812 | Crypt:3  | XOM: harmless Conj miscast
 43863 | Crypt:3  | Found an ancient bone altar of Kikubaaqudgha.
 43868 | Crypt:3  | XOM: give mutations
 43868 | Crypt:3  | Gained mutation: Your skin blends seamlessly with your surroundings (Stealth++). [Xom's grace]
 43868 | Crypt:3  | Gained mutation: You passively map the area around you. [Xom's grace]
 43868 | Crypt:3  | Gained mutation: You rapidly evolve. [Xom's grace]
 43871 | Crypt:3  | Gained mutation: You heal very quickly. [evolution]
 43873 | Crypt:3  | XOM: divination: detect items
 43895 | Crypt:3  | XOM: fog
 44046 | Crypt:3  | XOM: divination: detect items
 44053 | Crypt:3  | XOM: enchant monster (bad)
 44325 | Crypt:3  | Reached XP level 26. HP: 177/239 MP: 20/25
 44385 | Crypt:3  | XOM: summons 2 friendly demons
 44417 | Crypt:3  | XOM: harmless Erth miscast
 44464 | Crypt:3  | XOM: divination: magic mapping
 44485 | Crypt:3  | XOM: cloud trail
 44611 | Crypt:3  | Found a staircase to the Tomb.
 45006 | Crypt:3  | Got a faintly glowing marble ring
 45006 | Crypt:3  | Got a smoking amber ring
 45008 | Crypt:3  | Identified the ring of Jimmeot {*Slow rN+ Dex+9 Stlth+} (You found it on level 3 of the Crypt)
 45010 | Crypt:3  | Identified the ring of Suicidal Tendencies {+Fly rN+ Dex+6 Slay+3} (You found it on level 3 of the Crypt)
 45010 | Crypt:3  | XOM: god gift: scroll of amnesia
 45423 | Vaults:2 | Killed Bailed's ghost
 45427 | Vaults:2 | Got a steaming bronze ring
 45429 | Vaults:2 | Identified the ring "Ciameug" {+Inv Str+6 SInv} (You found it on level 2 of the Vaults)
 45572 | Depths:1 | Entered Level 1 of the Depths
 45584 | Depths:1 | XOM: scenery: create altars
 45620 | Depths:1 | XOM: polymorph necromancer -> swamp worm
 45664 | Depths:1 | Found a corrupted altar of Lugonu.
 45665 | Depths:1 | Found a one-way gate to the infinite horrors of the Abyss.
 45845 | Depths:1 | Found a gateway to Hell.
 45963 | Depths:1 | Found a shattered altar of Ashenzari.
 45971 | Depths:1 | XOM: divination: detect creatures
 46138 | Depths:1 | XOM: harmless Chrm miscast
 46384 | Depths:2 | Found Zojumm's Gadget Boutique.
 46411 | Depths:2 | XOM: confuse monster(s)
 46420 | Depths:2 | XOM: destruction
 46423 | Depths:2 | XOM: summons 13 friendly demons
 46424 | Depths:2 | XOM: polymorph dire elephant -> catoblepas
 46426 | Depths:2 | XOM: divination: magic mapping
 46542 | Depths:2 | XOM: harmless Conj miscast
 46649 | Depths:2 | Found a gateway to a ziggurat.
 46661 | Depths:2 | XOM: noise
 46691 | Depths:2 | XOM: divination: detect items
 46694 | Depths:2 | XOM: cast spell 'Summon Ice Beast'
 46696 | Depths:2 | XOM: confuse monster(s)
 46856 | Depths:2 | XOM: scenery: create altars
 46910 | Depths:2 | Found a one-way gate leading to the halls of Pandemonium.
 46911 | Depths:2 | XOM: polymorph hellwing -> rust devil
 46955 | Depths:1 | XOM: cast spell 'Summon Butterflies'
 46967 | Depths:1 | XOM: cleaving
 47017 | Depths:1 | Reached XP level 27. HP: 214/247 MP: 25/25
 47037 | Depths:1 | Got a translucent demon blade
 47038 | Depths:1 | Identified the +6 demon blade of Zyaleoga {flame, +Blink Str+4 Int+2} (You found it on level 1 of the Depths)
 47064 | Depths:1 | XOM: divination: detect items
 47212 | Depths:3 | XOM: potion effect (agility)
 47214 | Depths:3 | XOM: potion effect (agility)
 47227 | Depths:3 | XOM: potion effect (magic)
 47236 | Depths:3 | Noticed a juggernaut
 47247 | Depths:3 | Killed a juggernaut
 47264 | Depths:3 | XOM: silly message
 47271 | Depths:3 | XOM: divination: detect creatures
 47283 | Depths:3 | XOM: divination: magic mapping
 47334 | Depths:3 | XOM: harmless Air miscast
 47414 | Depths:3 | Noticed Boris
 47419 | Depths:3 | XOM: potion effect (invisibility)
 47431 | Depths:3 | Killed Boris
 47435 | Depths:3 | XOM: mild Erth miscast
 47615 | Depths:3 | XOM: silly message
 47620 | Depths:3 | XOM: enchant monster (bad)
 47623 | Depths:3 | XOM: confuse monster(s)
 47635 | Depths:3 | XOM: polymorph spriggan berserker -> alligator
 47663 | Depths:3 | XOM: scenery: create altars
 47730 | Depths:3 | Noticed Mennas
 47751 | Depths:3 | Killed Mennas
 47948 | Depths:3 | XOM: give mutations
 47948 | Depths:3 | Gained mutation: Your mind is very acute. (Int +4) [Xom's grace]
 47948 | Depths:3 | Gained mutation: Your spells are much harder to cast, but much more powerful. [Xom's grace]
 47948 | Depths:3 | Lost mutation: You rapidly evolve. [Xom's grace]
 47948 | Depths:3 | Lost mutation: You evolve. [Xom's grace]
 47948 | Depths:3 | Gained mutation: You are somewhat resistant to further mutation. [Xom's grace]
 48084 | Depths:3 | XOM: god gift: wand of iceblast (7)
 48287 | Depths:4 | Noticed a juggernaut
 48294 | Depths:4 | Killed a juggernaut
 48357 | Depths:4 | XOM: noise
 48398 | Depths:4 | XOM: cast spell 'Summon Ice Beast'
 48793 | Depths:4 | XOM: harmless Hex miscast
 48970 | Depths:4 | XOM: harmless Ice miscast
 48975 | Depths:5 | Entered Level 5 of the Depths
 49022 | Depths:5 | XOM: god gift: smelly plate armour {god gift}
 49030 | Depths:5 | Got a smelly plate armour {god gift}
 49058 | Depths:5 | Identified the +2 plate armour of the Circus Animal {MR++ MP-9 Dex+4} (Xom gifted it to you on level 5 of the Depths)
 49142 | Depths:5 | XOM: god gift: club {god gift}
 49247 | Depths:5 | XOM: scenery: create altars
 49262 | Depths:5 | XOM: harmless Air miscast
 49340 | Depths:5 | XOM: medium Erth miscast
 49355 | Depths:5 | Found Babethus's Magic Scroll Shop.
 49429 | Depths:5 | XOM: enchant monster (bad)
 49433 | Depths:5 | XOM: harmless Fire miscast
 49465 | Depths:5 | XOM: god gift: shiny large shield {god gift}
 49467 | Depths:5 | Found a gate to the Realm of Zot.
 49498 | Depths:5 | XOM: cast spell 'Metabolic Englaciation'
 49530 | Depths:5 | XOM: give mutations
 49530 | Depths:5 | Gained mutation: You are extremely resistant to the effects of hostile enchantments. (MR+++) [Xom's grace]
 49530 | Depths:5 | Gained mutation: Your flesh is cold resistant. (rC+) [Xom's grace]
 49530 | Depths:5 | Gained mutation: Your system is resistant to poisons. (rPois) [Xom's grace]
 49530 | Depths:5 | Gained mutation: Your muscles are strong. (Str +2) [Xom's grace]
 49725 | Depths:5 | XOM: polymorph storm dragon -> entropy weaver
 50079 | D:13     | XOM: give mutations
 50079 | D:13     | Gained mutation: Your muscles are very strong. (Str +4) [Xom's grace]
 50079 | D:13     | Gained mutation: You are very agile. (Dex +4) [Xom's grace]
 50079 | D:13     | Gained mutation: Your skin perfectly mimics your surroundings (Stealth+++). [Xom's grace]
 50079 | D:13     | Gained mutation: You are very robust. (+20% HP) [Xom's grace]
 50419 | Lair:1   | XOM: scenery: create altars
 50530 | Lair:6   | XOM: scenery: create altars
 50535 | Slime:1  | Entered Level 1 of the Pits of Slime
 50539 | Slime:1  | XOM: cleaving
 50554 | Slime:1  | XOM: divination: magic mapping
 50574 | Slime:1  | XOM: divination: detect creatures
 50612 | Slime:2  | XOM: fog
 50710 | Slime:5  | Entered Level 5 of the Pits of Slime
 50723 | Slime:5  | XOM: summons 6 friendly demons
 50735 | Slime:5  | XOM: cleaving
 50757 | Slime:5  | XOM: medium Tmut miscast
 50763 | Slime:5  | XOM: medium Conj miscast
 50790 | Slime:5  | XOM: enchant monster (bad)
 50824 | Slime:5  | Found a viscous altar of Jiyva.
 50825 | Slime:5  | Noticed the Royal Jelly
 50830 | Slime:5  | XOM: harmless Fire miscast
 50834 | Slime:5  | Killed the Royal Jelly
 50834 | Slime:5  | XOM: fog
 50840 | Slime:5  | XOM: noise
 50844 | Slime:5  | XOM: divine lightning
 50881 | Slime:5  | Got a crystal long sword
 50926 | Slime:5  | Identified Geizeof's Papyrus of Creative Lightness
 50941 | Slime:5  | Got a heavily runed pewter amulet
 50944 | Slime:5  | Identified the amulet of the Komtur {Reflect rC+ Dex+2 SH+6 SInv} (You found it on level 5 of the Pits of Slime)
 50950 | Slime:5  | Got a slimy rune of Zot
 50952 | Slime:5  | XOM: mild Conj miscast
 50966 | Slime:5  | Got a brightly glowing gossamer ring
 50967 | Slime:5  | Identified the ring "Fiatomig" {rN+ Slay+6} (You found it on level 5 of the Pits of Slime)
 51343 | Lair:6   | Identified the +9 long sword of Soeff {elec, -Tele rPois rN+} (You found it on level 5 of the Pits of Slime)
 51596 | D:14     | You paid a toll of 2 scrolls of acquirement to enter a treasure trove
 51597 | Trove    | Entered a treasure trove
 51640 | Trove    | Found the ring of Phasing {EV+8}
 51642 | Trove    | Got a warped glass ring
 51707 | D:14     | Identified the ring of Rumyroinn {*Drain +Fly MR- Str+3 Int+7} (You found it in a treasure trove)
 51871 | Zot:1    | Entered Level 1 of the Realm of Zot
 51877 | Zot:1    | Reached skill level 1 in Evocations
 51940 | Zot:1    | XOM: divination: detect items
 51992 | Zot:1    | XOM: summons 7 friendly demons
 52094 | Zot:1    | XOM: give mutations
 52094 | Zot:1    | Lost mutation: Your flesh is almost immune to the effects of heat. (rF+++) [Xom's mischief]
 52094 | Zot:1    | Lost mutation: You are somewhat resistant to further mutation. [Xom's mischief]
 52094 | Zot:1    | Lost mutation: Your mind is very acute. (Int +4) [Xom's mischief]
 52103 | Zot:1    | XOM: confuse monster(s)
 52163 | Zot:1    | XOM: divination: magic mapping
 52268 | Zot:1    | XOM: divination: magic mapping
 52537 | Zot:2    | Found a runed door.
 52626 | Zot:2    | Noticed Alunk's ghost (legendary GnFi)
 52639 | Zot:2    | XOM: cast spell 'Monstrous Menagerie'
 52651 | Zot:2    | Killed Alunk's ghost
 52651 | Zot:2    | Reached skill level 5 in Evocations
 52955 | Zot:2    | XOM: scenery: 1 doors close
 52961 | Zot:2    | XOM: polymorph red draconian -> ghost moth
 52991 | Zot:2    | Got a twisted large shield
 53009 | Zot:2    | Identified the +0 large shield "Jenuoreu" {Int+9 Dex+6 SInv Stlth-} (You acquired it on level 2 of the Realm of Zot)
 53305 | Zot:3    | Noticed an orb of fire
 53306 | Zot:3    | Gained mutation: You occasionally shout uncontrollably at your foes. [an orb of fire]
 53524 | Zot:3    | XOM: fog
 53527 | Zot:3    | XOM: potion effect (magic)
 53528 | Zot:3    | Lost mutation: You are very robust. (+20% HP) [an orb of fire]
 53530 | Zot:3    | Killed an orb of fire
 53562 | Zot:3    | XOM: confuse monster(s)
 53587 | Zot:3    | XOM: enchant monster (good)
 53593 | Zot:3    | XOM: scenery: create altars
 53794 | Zot:3    | XOM: god gift: 11 gold pieces
 54273 | Zot:3    | XOM: give mutation
 54273 | Zot:3    | Gained mutation: You have a considerably increased reservoir of magic. (+20% MP) [Xom's grace]
 54546 | Zot:4    | XOM: cast spell 'Summon Hydra'
 54706 | Zot:4    | XOM: cloud trail
 54993 | Zot:1    | XOM: medium Ice miscast
 55056 | Depths:4 | Voluntarily entered the Abyss.
 55261 | Abyss:1  | XOM: confuse monster(s)
 55285 | Abyss:1  | XOM: god gift: potion of flight
 55397 | Abyss:2  | Found a corrupted altar of Lugonu.
 55469 | Abyss:2  | Found a corrupted altar of Lugonu.
 55485 | Abyss:2  | XOM: blink monster(s)
 55489 | Abyss:2  | XOM: harmless Chrm miscast
 55667 | Abyss:2  | XOM: harmless Tloc miscast
 55682 | Abyss:2  | XOM: divination: detect creatures
 55683 | Abyss:2  | XOM: harmless Conj miscast
 55902 | Abyss:3  | XOM: swap monsters
 55917 | Abyss:3  | XOM: divination: magic mapping
 55952 | Abyss:3  | XOM: give mutations
 55952 | Abyss:3  | Gained mutation: You evolve. [Xom's grace]
 55952 | Abyss:3  | Gained mutation: You rapidly evolve. [Xom's grace]
 55952 | Abyss:3  | Gained mutation: You passively map a large area around you. [Xom's grace]
 55962 | Abyss:3  | XOM: scenery: create altars
 56060 | Abyss:3  | XOM: noise
 56068 | Abyss:3  | XOM: scenery: 3 doors open, 4 doors close
 56131 | Abyss:3  | XOM: divination: detect items
 56158 | Abyss:4  | XOM: noise
 56242 | Abyss:4  | XOM: summons 2 friendly demons
 56271 | Abyss:4  | Lost mutation: You have a considerably increased reservoir of magic. (+20% MP) [a neqoxec]
 56336 | Abyss:4  | XOM: harmless Hex miscast
 56342 | Abyss:4  | XOM: destruction
 56416 | Abyss:4  | XOM: god gift: 29 gold pieces
 56418 | Abyss:4  | XOM: cast spell 'Necromutation'
 56427 | Abyss:4  | XOM: divination: detect items
 56435 | Abyss:4  | XOM: mild Ice miscast
 56456 | Abyss:4  | Got an abyssal rune of Zot
 56545 | Abyss:4  | XOM: polymorph white imp -> ufetubus
 56610 | Abyss:4  | Found a corrupted altar of Lugonu.
 56653 | Abyss:4  | XOM: summons 8 hostile demons
 56714 | Abyss:4  | Lost mutation: You are robust. (+10% HP) [a neqoxec]
 56723 | Depths:4 | Escaped the Abyss
 56953 | Vaults:5 | Entered Level 5 of the Vaults
 56960 | Vaults:4 | XOM: repel stairs
 57304 | Vaults:5 | Noticed an ancient lich
 57331 | Vaults:5 | XOM: noise
 57444 | Vaults:5 | XOM: confuse monster(s)
 57466 | Vaults:5 | XOM: cleaving
 57467 | Vaults:5 | Killed an ancient lich
 57492 | Vaults:5 | XOM: cleaving
 57547 | Vaults:5 | Noticed a juggernaut
 57547 | Vaults:5 | a titan changed into a juggernaut
 57547 | Vaults:5 | XOM: polymorph titan -> juggernaut
 57551 | Vaults:5 | Killed a juggernaut
 57606 | Vaults:5 | XOM: fake destruction
 57615 | Vaults:5 | XOM: harmless Hex miscast
 57698 | Vaults:5 | Noticed an ancient lich
 57698 | Vaults:5 | XOM: destruction
 57705 | Vaults:5 | XOM: cast spell 'Summon Hydra'
 57708 | Vaults:5 | XOM: summons friendly white imp
 57713 | Vaults:5 | Killed an ancient lich
 57806 | Vaults:5 | XOM: potion effect (might)
 57928 | Vaults:5 | XOM: cleaving
 57977 | Vaults:5 | XOM: cloud trail
 58012 | Vaults:5 | XOM: enchant monster (good)
 58081 | Vaults:5 | Identified the Reference Book on Augmentations and Unholy Rituals
 58084 | Vaults:5 | Got a slimy garnet amulet
 58085 | Vaults:5 | Identified the amulet of Monotheism {+Rage Dex+4} (You found it on level 5 of the Vaults)
 58170 | Vaults:5 | Noticed a juggernaut
 58170 | Vaults:5 | a titan changed into a juggernaut
 58170 | Vaults:5 | XOM: polymorph titan -> juggernaut
 58174 | Vaults:5 | a juggernaut changed into an iron giant
 58174 | Vaults:5 | XOM: polymorph juggernaut -> iron giant
 58214 | Vaults:5 | XOM: divination: detect creatures
 58233 | Vaults:5 | XOM: cleaving
 58316 | Vaults:5 | Got a silver rune of Zot
 58458 | Vaults:5 | Got a jewelled plate armour
 58469 | Vaults:5 | Identified the +3 plate armour "Urorchylu" {+Inv rElec} (You found it on level 5 of the Vaults)
 58481 | Vaults:5 | Gained mutation: Your mind is very acute. (Int +4) [evolution]
 58663 | Vaults:5 | Got a bound platinum ring
 58686 | Vaults:5 | XOM: god gift: ration
 58792 | Vaults:5 | Identified the ring of Xopeby {Ice SInv} (You found it on level 5 of the Vaults)
 58799 | Vaults:5 | XOM: god gift: 17 stones
 58992 | Hell     | Entered the Vestibule of Hell
 58992 | Hell     | Noticed Geryon
 59004 | Hell     | XOM: smoke on damage
 59084 | Hell     | XOM: smoke on damage
 59123 | Depths:2 | XOM: divination: detect creatures
 59223 | Hell     | Killed Geryon
 59223 | Hell     | XOM: potion effect (might)
 59399 | Hell     | Found a gateway to the Iron City of Dis.
 59401 | Hell     | XOM: cloud trail
 59405 | Hell     | XOM: god gift: 6 javelins of penetration
 59479 | Hell     | XOM: cast spell 'Necromutation'
 59497 | Hell     | XOM: mild Tmut miscast
 59499 | Hell     | Found a gateway to the decaying netherworld of Tartarus.
 59529 | Hell     | XOM: enchant monster (good)
 59580 | Hell     | Found a gateway to the ashen valley of Gehenna.
 59613 | Hell     | XOM: scenery: 1 fountains blood, 3 doors close
 59698 | Hell     | XOM: god gift: 15 arrows
 59708 | Hell     | Found a gateway to the freezing wastes of Cocytus.
 59714 | Hell     | XOM: confuse monster(s)
 59863 | Pan      | Entered Pandemonium
 59863 | Pan      | Found a runed door.
 59870 | Pan      | XOM: potion effect (invisibility)
 59977 | Pan      | XOM: harmless Erth miscast
 59996 | Pan      | Noticed Tuozuq the pandemonium lord
 60002 | Pan      | XOM: polymorph Tuozuq -> Tuozuq
 60006 | Pan      | Killed Tuozuq the pandemonium lord
 60014 | Pan      | Found an exit through the horrors of the Abyss.
 60200 | Pan      | XOM: silly message
 60202 | Pan      | Noticed Urhizxyn the pandemonium lord
 60203 | Pan      | XOM: summons friendly iron imp
 60205 | Pan      | XOM: noise
 60208 | Pan      | XOM: blink monster(s)
 60212 | Pan      | XOM: summons 8 friendly demons
 60249 | Pan      | XOM: mild Tmut miscast
 60278 | Pan      | XOM: scenery: create altars
 60284 | Pan      | Killed from afar by a Hell Sentinel

Vault maps used:
D:1:      minmay_arrival_five_plusses
D:2:      minmay_diamond_boxcup, minitemple, chequers_ecumenical_altar_simple,
          uniq_crazy_yiuf_cottage
D:3:      minmay_door_path, lemuel_flame_loot_1, uniq_terence, uniq_robin
D:4:      temple_green, minmay_statues_item
D:5:      first_ration, led_sif_pool
D:6:      serial_shops, shop, nicolae_ossuary_entry_plus, uniq_grinder,
          uniq_edmund
D:7:      basic_altar
D:8:      minmay_the_grid_triangle_9x9_rhombus_full, nicolae_gozag_seed_capital,
          ebering_ghost_disaster_area, uniq_erica
D:9:      orc_0_dummy, the_bakery
D:10:     uniq_fannar
D:11:     gammafunk_beogh_shrine, lair_entry_dummy,
          nemelex_xobeh_ov_fountains_minmay
D:13:     spider_trap, kennysheep_generic_room_4
D:14:     erik_vaults_1, nicolae_trove_entry_crystal, hangedman_decor_opposing,
          uniq_snorg, uniq_nessos, uniq_roxanne
D:15:     gammafunk_depths_entry_grave, moated_statue, uniq_azrael
Lair:1:   portal_ice_cave_entry_pillars_1, basic_altar
Lair:2:   swamp_mist, roderic_carrion_pond, minmay_lair_oklob_chamber,
          uniq_harold
Lair:3:   guppyfry_snake_entry_garden, ebering_ghost_reflecting_pool,
          lab_entry_generic, beast_lair_carwin_2, grunt_megastairs_2
Lair:4:   ebering_ghost_xom, minivault_25, serial_bayou_shore_a
Lair:5:   kennysheep_abandoned_house
Lair:6:   gammafunk_lair_ancient_temple, nicolae_slime_entry_slimehenge,
          serial_bayou_crossing
Swamp:1:  evilmike_swamp_ruin_house_4, swamp_pool5,
          cheibrodos_swamp_pet_leeches, uniq_louise
Swamp:2:  gammafunk_its_a_trap, nicolae_swamp_feature_on_the_river_bank,
          swamp_pool3, nicolae_swamp_dense_foliage
Swamp:3:  nicolae_swamp_phyte_club, hangedman_swamp_cone, hangedman_swamp_muck
Swamp:4:  swamp, swamp_pool2
Snake:1:  serial_shops, shop, st_stairs_12
Snake:2:  special_room
Snake:3:  st_stairs_8
Snake:4:  snake_pit_salamanders_mu
Slime:2:  cheibrodos_slime_lost_civilization_5
Orc:1:    enter_volcano_1, serial_shops, shop
Orc:2:    kennysheep_orc_mage_school, gammafunk_ghost_split,
          minmay_orc_barracks, uniq_rupert
Elf:1:    eino_elf_arrival_shootout, hangedman_elf_disciples,
          serial_sigils_hangedman_shear, grunt_megastairs_4
Elf:2:    serial_shops, nicolae_shop_statue_plus
Elf:3:    grunt_elf_hall_asides, serial_shops, shop_statue,
          minmay_misc_feat_rows, uniq_donald, uniq_nikola
Vaults:1: hangedman_vaults_corner_blocks, v_misc_15,
          nicolae_vaults_bisected_exclaves, ontoclasm_vaults_claustrophobia,
          hangedman_vaults_corner, grunt_vaults_hallway_long,
          vaults_room_semicircle, v_misc_5, vaults_room_octagon, v_misc_23,
          nicolae_vaults_yaktaur_gun_rack, vaults_room_door_hall, serial_ice_h
Vaults:2: advil_vaults_ghost_lines, ontoclasm_vaults_gateway, v_misc_15,
          v_misc_33, vaults_mumra_lcd, grunt_vaults_funnel,
          nicolae_vaults_angled_halls, vaults_room_pools, serial_shops, shop,
          basic_altar, uniq_jory
Vaults:3: minmay_crypt_entry_simple_sparse, ontoclasm_vaults_fault,
          nicolae_vaults_circle_grid_a, vaults_mumra_minichess_inversion,
          hangedman_vaults_stitches, nicolae_vaults_gold_heap, v_misc_5,
          st_diamondy, vaults_room_large_hall, nicolae_vaults_shelves_hall
Vaults:4: nicolae_vaults_theta, ontoclasm_vaults_ligature, v_misc_13, v_misc_23,
          hangedman_vaults_unwind, v_pattern_1, nicolae_vaults_little_squares_3,
          v_misc_33, nicolae_vaults_alarming, dpeg_vaults_monster_box,
          uniq_sojobo
Vaults:5: serial_shops
Crypt:3:  evilmike_haunted_forest
Depths:1: minmay_connected_triangles_in_corner, basic_altar,
          abyss_entry_flame_altar, hellmouth_3, hangedman_abyss_or_decor_stabs,
          fountainhead, nrook_mini_vaults, nicolae_lava_and_water,
          hangedman_decor_clover_reticule, kennysheep_underground_church
Depths:2: mu_elephants_graveyard, enter_ziggurat_a, serial_shops, shop,
          rand_demon_pan_entry_5, hell_entry
Depths:3: hangedman_arch_fort, grunt_pan_entry_spiral, hell_entry,
          onia_ninara_cookie, uniq_boris, uniq_mennas
Depths:4: kennysheep_spiral_hall, rand_demon_pan_entry_7, hell_entry,
          hangedman_decor_push, abyss_entry_small_statue_room
Depths:5: grunt_zot_entry_bicorn, minmay_misc_feat_tiny, serial_shops, shop,
          grunt_mini_vestibule, infiniplex_staircase_pool_lava
Zot:1:    nicolae_zot_stationary_front
Zot:2:    ebering_ghost_reflecting_pool
Abyss:4:  hangedman_abyss_rune_macabre_mess, minivault_23
Pan:      rand_demon_7, nicolae_pan_cerebovesque_2, evilmike_mini_pan_doors_b,
          nicolae_pan_sick_transit, grunt_pan_in_and_out, pan_blood_fountain,
          pan_blood_fountain_2, grunt_pan_in_and_out, grunt_pan_frozen_over,
          rand_demon_5
Lab:      labyrinth_spiral, labyrinth_fake_exit
Trove:    trove_garden
Ossuary:  ossuary_minmay_scorpions
IceCv:    ice_cave_small_demon
Volcano:  volcano_caves

Skill      XL: |  1  2  3  4  5  6  7  8  9 10 11 12 13 14 15 16 17 18 19 20 21 22 23 24 25 26 27 |
---------------+----------------------------------------------------------------------------------+-----
Dodging        | 1 2 3 4 5 6 7 8 9 10 11 12 13 14 15 16 17 21 | 21.1
Long Blades    | 4 5 6 7 9 10 11 13 14 15 16 22 | 22.4
Armour         | 3 4 5 6 7 8 9 10 11 12 13 14 15 16 17 18 19 20 24 | 24.3
Fighting       | 4 5 6 7 8 9 10 11 12 13 14 15 16 17 18 19 20 24 | 24.4
Throwing       | 1 3 4 5 6 7 9 10 11 12 13 14 | 14.2
Shields        | 3 5 7 9 11 13 15 17 19 20 21 | 21.0
Evocations     | 5 |  5.0

Action                   |  1- 3 |  4- 6 |  7- 9 | 10-12 | 13-15 | 16-18 | 19-21 | 22-24 | 25-27 || total
-------------------------+-------+-------+-------+-------+-------+-------+-------+-------+-------++-------
Melee: Falchion          |    78 |   259 |   320 |     1 |       |       |       |       |       ||   658
       Kick              |       |    29 |   109 |   244 |   194 |   601 |   583 |   702 |  1662 ||  4124
       Scimitar          |       |       |       |   596 |   413 |    11 |   314 |       |       ||  1334
       Demon blade       |       |       |       |       |   307 |  1473 |  1100 |  1272 |  1646 ||  5798
       Peck              |       |       |       |       |       |       |   248 |   450 |  1003 ||  1701
       Great sword       |       |       |       |       |       |       |       |    13 |       ||    13
       Triple sword      |       |       |       |       |       |       |       |       |  1124 ||  1124
       Unarmed           |       |       |       |       |       |       |       |       |     2 ||     2
Throw: Tomahawk          |       |       |    24 |    15 |    20 |       |    30 |    70 |    23 ||   182
       Javelin           |       |       |       |    74 |    20 |    54 |    95 |    17 |       ||   260
 Cast: Apportation       |       |       |       |       |       |       |     6 |       |       ||     6
 Abil: Dig               |       |     4 |     5 |     3 |     4 |    18 |       |     2 |    11 ||    47
       Evoke Flight      |       |       |       |       |       |       |       |       |     1 ||     1
  Use: Potion            |       |     2 |     1 |     1 |     5 |       |     3 |       |     5 ||    17
       Scroll            |       |     2 |    17 |     1 |    14 |     3 |     6 |     1 |    19 ||    63
 Stab: Petrified         |     3 |       |       |     5 |       |     3 |       |     3 |     1 ||    15
       Sleeping          |       |     1 |       |       |       |       |       |       |       ||     1
       Confused          |       |       |     3 |       |     5 |     7 |    13 |     5 |    17 ||    50
       Petrifying        |       |       |       |     3 |     1 |     4 |     4 |     2 |    10 ||    24
       Invisible         |       |       |       |       |    14 |       |     6 |     5 |     5 ||    30
       Distracted        |       |       |       |       |     3 |     3 |     3 |     1 |     9 ||    19
       Paralysed         |       |       |       |       |     2 |    16 |    11 |    32 |    24 ||    85
  Eat: Chunk             |       |    12 |     9 |    14 |    21 |    29 |    26 |    23 |    43 ||   177
       Ration            |       |       |     1 |     1 |       |     1 |     1 |     1 |     4 ||     9
Armor: Leather armour    |    32 |   100 |    57 |       |       |       |       |       |       ||   189
       Chain mail        |       |       |     5 |    42 |       |       |   191 |   250 |   181 ||   669
       Plate armour      |       |       |       |   196 |    44 |       |       |       |       ||   240
       Fire dragon scale |       |       |       |       |   163 |   271 |   154 |       |       ||   588
       Storm dragon scal |       |       |       |       |       |       |       |       |   352 ||   352
Dodge: Dodged            |    39 |   215 |   165 |   185 |   310 |   425 |   461 |   472 |  1367 ||  3639
Block: Shield            |       |       |     2 |   235 |   166 |   441 |    31 |   685 |  1037 ||  2597
       Buckler           |       |       |       |    16 |    87 |       |       |       |       ||   103
       Large shield      |       |       |       |       |       |   175 |  1023 |       |  1417 ||  2615
       Reflection        |       |       |       |       |       |       |       |    73 |   133 ||   206
       Rpst.: Falchion   |    10 |    63 |    63 |       |       |       |       |       |       ||   136
       Scimitar          |       |       |       |    44 |    48 |     1 |    21 |       |       ||   114
       Demon blade       |       |       |       |       |    38 |   110 |    66 |   100 |   128 ||   442
       Great sword       |       |       |       |       |       |       |       |     1 |       ||     1
       Triple sword      |       |       |       |       |       |       |       |       |    83 ||    83

Table legend:
 A = Non-vault XP
 B = Vault XP
 C = Vault XP percentage of total XP
 D = Non-vault monster count
 E = Vault monster count
 F = Vault count percentage of total count
                 A         B        C        D         E       F
            +---------+---------+-------+---------+---------+-------
      Total |  907978 |  787782 |  46.5 |    1896 |     984 |  34.2
            +---------+---------+-------+---------+---------+-------
        D:1 |      38 |       0 |   0.0 |      17 |       0 |   0.0
        D:2 |      69 |      90 |  56.6 |      28 |      18 |  39.1
        D:3 |     178 |      28 |  13.6 |      23 |       8 |  25.8
        D:4 |     453 |       0 |   0.0 |      22 |       0 |   0.0
        D:5 |      57 |       0 |   0.0 |      11 |       0 |   0.0
        D:6 |    1122 |     220 |  16.4 |      28 |       2 |   6.7
        D:7 |     501 |       0 |   0.0 |       7 |       0 |   0.0
        D:8 |    1156 |    4731 |  80.4 |      27 |      23 |  46.0
        D:9 |    2248 |     220 |   8.9 |      18 |       1 |   5.3
       D:10 |    2756 |     480 |  14.8 |      27 |       1 |   3.6
       D:11 |    5088 |    2310 |  31.2 |      39 |      12 |  23.5
       D:12 |    7811 |       0 |   0.0 |      39 |       0 |   0.0
       D:13 |   12854 |     153 |   1.2 |      50 |       1 |   2.0
       D:14 |    5943 |    6376 |  51.8 |      39 |       5 |  11.4
       D:15 |    9374 |    6597 |  41.3 |      23 |      15 |  39.5
     Lair:1 |    6072 |       0 |   0.0 |      13 |       0 |   0.0
     Lair:2 |    4479 |    2381 |  34.7 |      21 |       7 |  25.0
     Lair:3 |    3022 |    2995 |  49.8 |      13 |       6 |  31.6
     Lair:4 |     390 |    2084 |  84.2 |       3 |       2 |  40.0
     Lair:5 |    7209 |     599 |   7.7 |      23 |      15 |  39.5
     Lair:6 |   11527 |   10033 |  46.5 |      47 |      29 |  38.2
    Swamp:1 |   13102 |    2538 |  16.2 |      37 |       4 |   9.8
    Swamp:2 |   10796 |    3182 |  22.8 |      32 |       7 |  17.9
    Swamp:3 |    7835 |   14099 |  64.3 |      24 |      18 |  42.9
    Swamp:4 |   11688 |   18827 |  61.7 |      28 |      28 |  50.0
    Snake:1 |   14491 |     821 |   5.4 |      27 |       1 |   3.6
    Snake:2 |   26334 |       0 |   0.0 |      52 |       0 |   0.0
    Snake:3 |   24656 |     568 |   2.3 |      46 |       1 |   2.1
    Snake:4 |   13778 |   44937 |  76.5 |      35 |      67 |  65.7
    Slime:1 |   13395 |       0 |   0.0 |      22 |       0 |   0.0
    Slime:2 |    1875 |       0 |   0.0 |       5 |       0 |   0.0
    Slime:3 |    1752 |       0 |   0.0 |       8 |       0 |   0.0
    Slime:4 |    4115 |       0 |   0.0 |       8 |       0 |   0.0
    Slime:5 |   13018 |   25344 |  66.1 |      15 |      10 |  40.0
      Orc:1 |    1531 |       0 |   0.0 |      21 |       0 |   0.0
      Orc:2 |    5952 |   13113 |  68.8 |      42 |      55 |  56.7
      Elf:1 |   17069 |    8920 |  34.3 |      30 |      15 |  33.3
      Elf:2 |   24843 |   23280 |  48.4 |      46 |      27 |  37.0
      Elf:3 |   14813 |   48082 |  76.4 |      22 |      31 |  58.5
   Vaults:1 |   11057 |    7499 |  40.4 |      18 |      19 |  51.4
   Vaults:2 |   34476 |   17424 |  33.6 |      61 |      10 |  14.1
   Vaults:3 |   51307 |   28985 |  36.1 |      78 |      39 |  33.3
   Vaults:4 |   38362 |   47595 |  55.4 |      60 |      45 |  42.9
   Vaults:5 |   39807 |  123440 |  75.6 |      63 |      65 |  50.8
    Crypt:1 |   17147 |       0 |   0.0 |      40 |       0 |   0.0
    Crypt:2 |   20642 |       0 |   0.0 |      32 |       0 |   0.0
    Crypt:3 |       0 |   73990 | 100.0 |       0 |     104 | 100.0
   Depths:1 |   46751 |   20397 |  30.4 |      68 |      32 |  32.0
   Depths:2 |   31066 |   22672 |  42.2 |      39 |      21 |  35.0
   Depths:3 |   31514 |   67625 |  68.2 |      39 |      53 |  57.6
   Depths:4 |   14633 |   16558 |  53.1 |      22 |      11 |  33.3
   Depths:5 |   15448 |   31139 |  66.8 |      16 |      20 |  55.6
       Hell |   19153 |   29152 |  60.3 |      34 |      43 |  55.8
      Zot:1 |   23252 |    8985 |  27.9 |      14 |       7 |  33.3
      Zot:2 |   43384 |    5292 |  10.9 |      25 |       1 |   3.8
      Zot:3 |   42618 |       0 |   0.0 |      25 |       0 |   0.0
      Zot:4 |   21623 |       0 |   0.0 |      15 |       0 |   0.0
    Abyss:1 |   12177 |       0 |   0.0 |      44 |       0 |   0.0
    Abyss:2 |   18358 |       0 |   0.0 |      33 |       0 |   0.0
    Abyss:3 |   33106 |    2279 |   6.4 |      67 |      11 |  14.1
    Abyss:4 |   36803 |   15653 |  29.8 |      77 |      20 |  20.6
        Pan |    1904 |   18393 |  90.6 |       8 |      15 |  65.2
        Lab |       0 |    1300 | 100.0 |       0 |       1 | 100.0
    Ossuary |       0 |     862 | 100.0 |       0 |      28 | 100.0
      IceCv |       0 |    3258 | 100.0 |       0 |      22 | 100.0
    Volcano |       0 |    2276 | 100.0 |       0 |       8 | 100.0
            +---------+---------+-------+---------+---------+-------
